 Dungeon Crawl Stone Soup version 0.25-a0-366-g516bc45ae0 (webtiles) character file.

Game seed: 5652098471156861878, levelgen mode: deterministic

33483 Caramio the Ripper (level 13, 0/94 HPs)
             Began as a Felid Berserker on Jan 6, 2020.
             Was the Champion of Trog.
             Slain by a centaur (6 damage)
             ... on level 13 of the Dungeon.
             The game lasted 00:32:56 (30644 turns).

Caramio the Ripper (Felid Berserker)               Turns: 30644, Time: 00:32:57

Health: 0/94       AC:  3    Str: 18    XL:     13   Next: 37%
Magic:  0/14       EV: 34    Int: 10    God:    Trog [******]
Gold:   1296       SH:  0    Dex: 19    Spells: 12/12 levels left
                                        Lives:  0   Deaths: 4

rFire    . . .     SeeInvis +     - Unarmed
rCold    + + .     Gourm    .   (shield unavailable)
rNeg     . . .     Faith    .   (armour unavailable)
rPois    .         Spirit   +   (helmet unavailable)
rElec    .         Reflect  .   (cloak unavailable)
rCorr    .         Harm     .   (gloves unavailable)
MR       +....                  (boots unavailable)
Stlth    ..........             i - amulet of guardian spirit
HPRegen  0.25/turn              j - ring of protection from cold
MPRegen  0.14/turn              (no ring)

@: berserking, very quick
A: very small, no armour, no weapons or thrown items, stealth, claws 1, fangs 3,
see invisible, carnivore, speed 1, shaggy fur 3, slow metabolism 1, sharp paws
a: Berserk, Trog's Hand, Brothers in Arms, Renounce Religion


You were on level 13 of the Dungeon.
You worshipped Trog.
Trog was exalted by your worship.
You were very full.

You visited 3 branches of the dungeon, and saw 21 of its levels.

You collected 2062 gold pieces.
You spent 766 gold pieces at shops.


Innate Abilities, Weirdness & Mutations

You cannot wear armour.
You are incapable of wielding weapons or throwing items.
Your paws allow you to move quietly. (Stealth)
You have sharp claws.
You have razor-sharp teeth.
You have supernaturally acute eyesight. (SInv)
You are carnivorous and can eat meat at any time.
You cover ground quickly.
Your thick and shaggy fur keeps you warm. (AC +3, rC+)
You have a slow metabolism.
Your sharp claws are effective at attacking unaware monsters.


   Skills:
 + Level 11.4 Fighting
 - Level 18.0 Dodging
 - Level 19.0 Unarmed Combat


You had 12 spell levels left.
You didn't know any spells.
Your spell library was empty.

Inventory:

Jewellery
 f - an uncursed ring of ice
 i - an amulet of guardian spirit (around neck)
 j - a ring of protection from cold (left paw)
 p - an uncursed ring of fire
Wands
 s - a wand of digging (3)
Scrolls
 b - a scroll of enchant weapon
 c - 12 scrolls of identify
 e - 10 scrolls of remove curse
 g - 5 scrolls of teleportation
 r - 3 scrolls of magic mapping
Potions
 d - 3 potions of mutation
 h - 9 potions of curing
 k - 3 potions of might
 m - 2 potions of agility
 o - 2 potions of cancellation
 q - a potion of resistance
Comestibles
 a - 34 rations
 l - 4 chunks of flesh

Dungeon Overview and Level Annotations

Branches:
Dungeon (13/15)            Temple (0/1) D:7            Lair (6/6) D:10
 Shoals (0/4) Lair:2        Snake (0/4) Lair:3        Slime (0/5) Lair:5
    Orc (2/2) D:11            Elf (0/3) Orc:2
 Vaults: D:13-14

Altars:
Fedhas
Gozag
Hepliaklqana
Makhleb
Sif Muna
Trog
Uskayaw
Vehumet
Xom
The Shining One

Shops:
D:8 [   Orc:2 [*(:?

Portals:
Pandemonium: Orc:2

Annotations:
D:5 Eustachio
D:6 1 runed translucent door, Crazy Yiuf
D:7 Pikel


Message History

You claw the centaur!
You kill the centaur!
Trog accepts your kill.
The centaur shoots an arrow.
The arrow misses you.
The centaur wields a +0 shortbow.
The centaur shoots an arrow.
The arrow completely misses you. The centaur hits you.
The centaur shoots an arrow.
The arrow misses you.
The centaur unwields a +4 shortbow of flaming.
It stops flaming.
The centaur misses you.
You claw the centaur! You bite the centaur.
The centaur is severely wounded.
The centaur misses you.
The centaur shoots an arrow.
The arrow completely misses you.
You mangle the centaur!!
You kill the centaur!
Trog accepts your kill.
The centaur shoots an arrow.
The arrow closely misses you.
The centaur shoots an arrow.
The arrow completely misses you. The centaur hits you.
You die...

.............# .##
.............#
..#####......# .
#......# #(.....#
#((((..######
#.(c.(.......
#)).(........ .###
#@)(.(....... ....
#(c.......... ....
#(........... ....
#(........... ....
#cc....^..... ..##
cc........#########
c.........#
..........#
..........#


You could see 4 centaurs.

Vanquished Creatures
  Rupert (Lair:5)
  Nessos (Lair:5)
  Harold (Lair:2)
  2 hydras (D:11)
  Erica (Lair:2)
  3 two-headed ogres
  4 catoblepae (Lair:6)
  9 death yaks
  8 orc high priests (Orc:2)
  A sixfirhy (Orc:2)
  An unseen horror (D:11)
  2 gelid demonspawn (Orc:2)
  2 deep elf magi (D:13)
  2 oklob plants (Lair:5)
  3 orc knights (Orc:2)
  An orc sorcerer (Orc:2)
  2 ugly things
  A cyclops (D:11)
  A merfolk siren (Lair:2)
  3 manticores
  5 elephants (Lair:3)
  5 black mambas
  3 centaur zombies
  A rust devil (Orc:2)
  A smoke demon (Orc:2)
  8 spiny frogs
  Maurice (Orc:1)
  An orange demon (Orc:2)
  A centaur skeleton (D:12)
  A gargoyle (D:12)
  A kobold demonologist (D:11)
  An ice devil (Orc:2)
  A rime drake (Lair:1)
  4 komodo dragons
  8 trolls
  Grinder (D:6)
  6 blink frogs
  A hornet (D:12)
  4 dream sheep (Lair:4)
  13 hippogriffs
  A vampire (D:13)
  57 yaks
  A wraith (D:10)
  A wyvern (D:13)
  A human (D:7)
  A basilisk (Lair:6)
  Grum (Lair:1)
  4 hogs (D:7)
  A hungry ghost (D:10)
  A chaos spawn (Orc:2)
  6 wargs
  5 nagas (Lair:3)
  A soldier ant (D:10)
  An acid dragon (D:11)
  5 porcupines
  9 water moccasins
  32 orc warriors
  2 slaves (D:7)
  An eye of draining (D:12)
  4 sky beasts
  5 black bears
  3 ice beasts
  8 wolves
  11 ogres
  14 centaurs
  16 crocodiles
  Blork the orc (D:5)
  2 big kobolds
  11 bullfrogs
  3 scorpions
  A wyvern skeleton (D:11)
  14 wights
  A howler monkey (D:5)
  5 crimson imps
  2 bullfrog zombies (D:11)
  7 hounds
  3 jellies
  2 quasits
  23 orc priests
  17 orc wizards
  3 bullfrog skeletons
  12 worker ants
  4 iguanas
  A killer bee zombie (D:7)
  A howler monkey zombie (D:9)
  8 gnolls
  11 adders
  4 shadow imps
  2 adder zombies
  3 worms
  3 dart slugs
  8 leopard geckos
  57 orcs
  2 giant cockroaches (D:1)
  8 goblins
  5 hobgoblins
  11 jackals
  5 quokkas
  5 bats
  6 frilled lizards
  A jackal skeleton (D:4)
  16 kobolds
  A leopard gecko skeleton (D:5)
  A quokka skeleton (D:4)
  5 rats
583 creatures vanquished.

Vanquished Creatures (collateral kills)
  2 orc warlords (Orc:2)
  A hydra (Lair:5)
  5 death yaks
  An orc high priest (Orc:2)
  Sonja (Lair:2)
  An orc knight (Orc:2)
  2 orc sorcerers (Orc:2)
  4 oklob plants
  2 komodo dragons (Lair:5)
  6 yaks (Lair:6)
  A water moccasin (Lair:2)
  3 orc warriors (Orc:2)
  A centaur (D:11)
  2 crocodiles (Lair:5)
  2 orc priests (Orc:2)
  8 orcs
42 creatures vanquished.

Vanquished Creatures (others)
  9 fungi
  17 plants
26 creatures vanquished.

Grand Total: 651 creatures vanquished

Notes
Turn   | Place    | Note
-------+----------+-------------------------------------------
     0 | D:1      | Caramio the Felid Berserker began the quest for the Orb.
     0 | D:1      | Reached XP level 1. HP: 10/10 MP: 2/2
     0 | D:1      | 0 ||| counter = 16
     9 | D:1      | 9 ||| Stepping ~*~*~tactically~*~*~ (stealth).
    11 | D:1      | 11 ||| Stepping ~*~*~tactically~*~*~ (stealth).
    32 | D:1      | 32 ||| Stepping ~*~*~tactically~*~*~ (stealth).
    34 | D:1      | 34 ||| Stepping ~*~*~tactically~*~*~ (stealth).
    36 | D:1      | 36 ||| Stepping ~*~*~tactically~*~*~ (stealth).
    38 | D:1      | 38 ||| Stepping ~*~*~tactically~*~*~ (stealth).
    40 | D:1      | 40 ||| Stepping ~*~*~tactically~*~*~ (stealth).
    42 | D:1      | 42 ||| Stepping ~*~*~tactically~*~*~ (stealth).
    57 | D:1      | 57 ||| Stepping ~*~*~tactically~*~*~ (stealth).
    64 | D:1      | 64 ||| Stepping ~*~*~tactically~*~*~ (stealth).
    66 | D:1      | 66 ||| Stepping ~*~*~tactically~*~*~ (stealth).
    70 | D:1      | 70 ||| Stepping ~*~*~tactically~*~*~ (stealth).
    73 | D:1      | 73 ||| Stepping ~*~*~tactically~*~*~ (stealth).
    74 | D:1      | 74 ||| Stepping ~*~*~tactically~*~*~ (stealth).
   118 | D:1      | 118 ||| Stepping ~*~*~tactically~*~*~ (stealth).
   152 | D:1      | 152 ||| Stepping ~*~*~tactically~*~*~ (stealth).
   154 | D:1      | 154 ||| Stepping ~*~*~tactically~*~*~ (stealth).
   167 | D:1      | 167 ||| Stepping ~*~*~tactically~*~*~ (stealth).
   169 | D:1      | 169 ||| Stepping ~*~*~tactically~*~*~ (stealth).
   171 | D:1      | 171 ||| Stepping ~*~*~tactically~*~*~ (stealth).
   177 | D:1      | Reached XP level 2. HP: 14/14 MP: 3/3
   187 | D:1      | 187 ||| Stepping ~*~*~tactically~*~*~ (stealth).
   209 | D:1      | 209 ||| Stepping ~*~*~tactically~*~*~ (stealth).
   211 | D:1      | 211 ||| Stepping ~*~*~tactically~*~*~ (stealth).
   213 | D:1      | 213 ||| Stepping ~*~*~tactically~*~*~ (stealth).
   215 | D:1      | 215 ||| Stepping ~*~*~tactically~*~*~ (stealth).
   217 | D:1      | 217 ||| Stepping ~*~*~tactically~*~*~ (stealth).
   219 | D:1      | 219 ||| Stepping ~*~*~tactically~*~*~ (stealth).
   221 | D:1      | 221 ||| Stepping ~*~*~tactically~*~*~ (stealth).
   223 | D:1      | 223 ||| Stepping ~*~*~tactically~*~*~ (stealth).
   225 | D:1      | 225 ||| Stepping ~*~*~tactically~*~*~ (stealth).
   227 | D:1      | 227 ||| Stepping ~*~*~tactically~*~*~ (stealth).
   229 | D:1      | 229 ||| Stepping ~*~*~tactically~*~*~ (stealth).
   231 | D:1      | 231 ||| Stepping ~*~*~tactically~*~*~ (stealth).
   245 | D:1      | 245 ||| Stepping ~*~*~tactically~*~*~ (stealth).
   247 | D:1      | 247 ||| Stepping ~*~*~tactically~*~*~ (stealth).
   249 | D:1      | 249 ||| Stepping ~*~*~tactically~*~*~ (stealth).
   371 | D:1      | 371 ||| Stepping ~*~*~tactically~*~*~ (stealth).
   373 | D:1      | 373 ||| Stepping ~*~*~tactically~*~*~ (stealth).
   375 | D:1      | 375 ||| Stepping ~*~*~tactically~*~*~ (stealth).
   377 | D:1      | 377 ||| Stepping ~*~*~tactically~*~*~ (stealth).
   426 | D:1      | 426 ||| Stepping ~*~*~tactically~*~*~ (stealth).
   428 | D:1      | 428 ||| Stepping ~*~*~tactically~*~*~ (stealth).
   430 | D:1      | 430 ||| Stepping ~*~*~tactically~*~*~ (stealth).
   516 | D:1      | Found a glowing golden altar of the Shining One.
   663 | D:1      | 663 ||| Stepping ~*~*~tactically~*~*~ (stealth).
   665 | D:1      | 665 ||| Stepping ~*~*~tactically~*~*~ (stealth).
   688 | D:1      | 688 ||| Stepping ~*~*~tactically~*~*~ (stealth).
   724 | D:1      | 724 ||| Stepping ~*~*~tactically~*~*~ (stealth).
   728 | D:1      | 728 ||| INVOKING Berserk.
   729 | D:1      | Reached skill level 4 in Unarmed Combat
   773 | D:1      | 773 ||| Stepping ~*~*~tactically~*~*~ (stealth).
   775 | D:1      | 775 ||| Stepping ~*~*~tactically~*~*~ (stealth).
   777 | D:1      | 777 ||| Stepping ~*~*~tactically~*~*~ (stealth).
   779 | D:1      | 779 ||| Stepping ~*~*~tactically~*~*~ (stealth).
   786 | D:1      | Reached XP level 3. HP: 17/17 MP: 4/4
   788 | D:1      | Reached ** piety under Trog
  1148 | D:1      | 1148 ||| READING 2 scrolls labeled TUKLEXTA ZAOCO.
  1149 | D:1      | 1149 ||| READING 3 scrolls labeled WUHIUSOETE.
  1150 | D:1      | 1150 ||| UPGRADING to dented cabochon amulet.
  1151 | D:1      | 1151 ||| READING 2 scrolls of remove curse.
  1152 | D:1      | 1152 ||| REMOVING amulet of inaccuracy.
  1153 | D:1      | 1153 ||| DROPPING amulet of inaccuracy.
  1154 | D:1      | 1154 ||| READING scroll labeled XIGUICLEMO.
  1157 | D:1      | 1157 ||| DRINKING 2 pink potions.
  1158 | D:1      | 1158 ||| DRINKING 3 green potions.
  1159 | D:1      | 1159 ||| DROPPING potion of invisibility.
  1222 | D:2      | 1222 ||| Stepping ~*~*~tactically~*~*~ (stealth).
  1224 | D:2      | 1224 ||| Stepping ~*~*~tactically~*~*~ (stealth).
  1249 | D:2      | 1249 ||| Stepping ~*~*~tactically~*~*~ (stealth).
  1251 | D:2      | 1251 ||| Stepping ~*~*~tactically~*~*~ (stealth).
  1253 | D:2      | 1253 ||| Stepping ~*~*~tactically~*~*~ (hiding).
  1254 | D:2      | 1254 ||| Stepping ~*~*~tactically~*~*~ (hiding).
  1255 | D:2      | 1255 ||| Waiting for ranged monster.
  1256 | D:2      | 1256 ||| Stepping ~*~*~tactically~*~*~ (hiding).
  1257 | D:2      | 1257 ||| Stepping ~*~*~tactically~*~*~ (hiding).
  1258 | D:2      | 1258 ||| Waiting for ranged monster.
  1259 | D:2      | 1259 ||| Stepping ~*~*~tactically~*~*~ (hiding).
  1260 | D:2      | 1260 ||| Waiting for ranged monster.
  1261 | D:2      | 1261 ||| Waiting for ranged monster.
  1262 | D:2      | 1262 ||| Waiting for ranged monster.
  1268 | D:2      | 1268 ||| Waiting for ranged monster.
  1288 | D:2      | 1288 ||| Stepping ~*~*~tactically~*~*~ (stealth).
  1290 | D:2      | 1290 ||| Stepping ~*~*~tactically~*~*~ (stealth).
  1292 | D:2      | 1292 ||| Stepping ~*~*~tactically~*~*~ (stealth).
  1446 | D:2      | 1446 ||| Stepping ~*~*~tactically~*~*~ (stealth).
  1447 | D:2      | 1447 ||| Stepping ~*~*~tactically~*~*~ (stealth).
  1485 | D:2      | 1485 ||| Stepping ~*~*~tactically~*~*~ (stealth).
  1491 | D:2      | 1491 ||| Stepping ~*~*~tactically~*~*~ (stealth).
  1501 | D:2      | 1501 ||| Stepping ~*~*~tactically~*~*~ (stealth).
  1508 | D:2      | 1508 ||| Stepping ~*~*~tactically~*~*~ (outnumbered).
  1509 | D:2      | 1509 ||| Stepping ~*~*~tactically~*~*~ (outnumbered).
  1510 | D:2      | 1510 ||| Stepping ~*~*~tactically~*~*~ (outnumbered).
  1511 | D:2      | 1511 ||| Stepping ~*~*~tactically~*~*~ (outnumbered).
  1529 | D:2      | Found a hazy altar of Hepliaklqana.
  1646 | D:2      | 1646 ||| Stepping ~*~*~tactically~*~*~ (stealth).
  1648 | D:2      | 1648 ||| Stepping ~*~*~tactically~*~*~ (stealth).
  1656 | D:2      | 1656 ||| Stepping ~*~*~tactically~*~*~ (outnumbered).
  1657 | D:2      | 1657 ||| Stepping ~*~*~tactically~*~*~ (stealth).
  1661 | D:2      | 1661 ||| Stepping ~*~*~tactically~*~*~ (stealth).
  1906 | D:2      | 1906 ||| Stepping ~*~*~tactically~*~*~ (stealth).
  1911 | D:2      | 1911 ||| INVOKING Berserk.
  1989 | D:2      | 1989 ||| Stepping ~*~*~tactically~*~*~ (stealth).
  1991 | D:2      | 1991 ||| Stepping ~*~*~tactically~*~*~ (stealth).
  1993 | D:2      | 1993 ||| Stepping ~*~*~tactically~*~*~ (stealth).
  2151 | D:2      | 2151 ||| Stepping ~*~*~tactically~*~*~ (stealth).
  2152 | D:2      | 2152 ||| Stepping ~*~*~tactically~*~*~ (stealth).
  2153 | D:2      | 2153 ||| Stepping ~*~*~tactically~*~*~ (stealth).
  2154 | D:2      | 2154 ||| Stepping ~*~*~tactically~*~*~ (stealth).
  2155 | D:2      | 2155 ||| Stepping ~*~*~tactically~*~*~ (stealth).
  2156 | D:2      | 2156 ||| Stepping ~*~*~tactically~*~*~ (stealth).
  2164 | D:2      | 2164 ||| INVOKING Berserk.
  2165 | D:2      | Reached skill level 5 in Unarmed Combat
  2165 | D:2      | Reached XP level 4. HP: 15/21 MP: 5/5
  2340 | D:2      | Found a bloodstained altar of Trog.
  2403 | D:2      | 2403 ||| Stepping ~*~*~tactically~*~*~ (stealth).
  2406 | D:2      | 2406 ||| Stepping ~*~*~tactically~*~*~ (stealth).
  2409 | D:2      | 2409 ||| Stepping ~*~*~tactically~*~*~ (water).
  2423 | D:2      | 2423 ||| READING scroll labeled GERUEB DIYDICU.
  2492 | D:3      | 2492 ||| Stepping ~*~*~tactically~*~*~ (stealth).
  2494 | D:3      | 2494 ||| Stepping ~*~*~tactically~*~*~ (stealth).
  2502 | D:3      | 2502 ||| Stepping ~*~*~tactically~*~*~ (hiding).
  2503 | D:3      | 2503 ||| Stepping ~*~*~tactically~*~*~ (hiding).
  2504 | D:3      | 2504 ||| Stepping ~*~*~tactically~*~*~ (hiding).
  2507 | D:3      | 2507 ||| INVOKING Berserk.
  2525 | D:3      | 2525 ||| FLEEEEING.
  2526 | D:3      | 2526 ||| FLEEEEING.
  2527 | D:3      | 2527 ||| STAIRDANCE
  2616 | D:3      | 2616 ||| Stepping ~*~*~tactically~*~*~ (stealth).
  2618 | D:3      | 2618 ||| Stepping ~*~*~tactically~*~*~ (stealth).
  2620 | D:3      | 2620 ||| Stepping ~*~*~tactically~*~*~ (stealth).
  2622 | D:3      | 2622 ||| Stepping ~*~*~tactically~*~*~ (stealth).
  2624 | D:3      | 2624 ||| Stepping ~*~*~tactically~*~*~ (stealth).
  2626 | D:3      | 2626 ||| Stepping ~*~*~tactically~*~*~ (stealth).
  2636 | D:3      | 2636 ||| Stepping ~*~*~tactically~*~*~ (hiding).
  2637 | D:3      | 2637 ||| Waiting for ranged monster.
  2638 | D:3      | 2638 ||| Waiting for ranged monster.
  2639 | D:3      | 2639 ||| Waiting for ranged monster.
  2640 | D:3      | 2640 ||| Waiting for ranged monster.
  2705 | D:3      | 2705 ||| Stepping ~*~*~tactically~*~*~ (stealth).
  2749 | D:3      | 2749 ||| Stepping ~*~*~tactically~*~*~ (stealth).
  2751 | D:3      | 2751 ||| Stepping ~*~*~tactically~*~*~ (stealth).
  2753 | D:3      | 2753 ||| Stepping ~*~*~tactically~*~*~ (stealth).
  2755 | D:3      | 2755 ||| Stepping ~*~*~tactically~*~*~ (stealth).
  2760 | D:3      | 2760 ||| Stepping ~*~*~tactically~*~*~ (stealth).
  2763 | D:3      | 2763 ||| Stepping ~*~*~tactically~*~*~ (stealth).
  2764 | D:3      | 2764 ||| Stepping ~*~*~tactically~*~*~ (stealth).
  2799 | D:3      | 2799 ||| Stepping ~*~*~tactically~*~*~ (stealth).
  2801 | D:3      | 2801 ||| Stepping ~*~*~tactically~*~*~ (stealth).
  2824 | D:3      | Reached XP level 5. HP: 20/24 MP: 6/6
  2881 | D:3      | Found a burning altar of Makhleb.
  2881 | D:3      | Noticed an Executioner
  2884 | D:3      | Noticed a smoke demon
  2884 | D:3      | Noticed a neqoxec
  2906 | D:3      | 2906 ||| Stepping ~*~*~tactically~*~*~ (stealth).
  2909 | D:3      | 2909 ||| Stepping ~*~*~tactically~*~*~ (stealth).
  2911 | D:3      | 2911 ||| Stepping ~*~*~tactically~*~*~ (stealth).
  2913 | D:3      | 2913 ||| Stepping ~*~*~tactically~*~*~ (stealth).
  2915 | D:3      | 2915 ||| Stepping ~*~*~tactically~*~*~ (stealth).
  3029 | D:3      | 3029 ||| Stepping ~*~*~tactically~*~*~ (stealth).
  3179 | D:3      | 3179 ||| READING scroll labeled VOSOWO XOCEDAU.
  3180 | D:3      | 3180 ||| READING 2 scrolls of identify.
  3180 | D:3      | 3180 ||| IDENTIFYING sedimented black potion
  3181 | D:3      | 3181 ||| DROPPING potion of ambrosia.
  3328 | D:4      | 3328 ||| Stepping ~*~*~tactically~*~*~ (stealth).
  3330 | D:4      | 3330 ||| Stepping ~*~*~tactically~*~*~ (stealth).
  3332 | D:4      | 3332 ||| Stepping ~*~*~tactically~*~*~ (stealth).
  3334 | D:4      | 3334 ||| Stepping ~*~*~tactically~*~*~ (stealth).
  3336 | D:4      | 3336 ||| Stepping ~*~*~tactically~*~*~ (stealth).
  3360 | D:4      | Noticed an ogre
  3364 | D:4      | 3364 ||| Stepping ~*~*~tactically~*~*~ (stealth).
  3365 | D:4      | 3365 ||| INVOKING Berserk.
  3368 | D:4      | Killed an ogre
  3368 | D:4      | Reached skill level 6 in Unarmed Combat
  3423 | D:4      | 3423 ||| Stepping ~*~*~tactically~*~*~ (stealth).
  3425 | D:4      | 3425 ||| Stepping ~*~*~tactically~*~*~ (stealth).
  3427 | D:4      | 3427 ||| Stepping ~*~*~tactically~*~*~ (stealth).
  3429 | D:4      | 3429 ||| Stepping ~*~*~tactically~*~*~ (stealth).
  3446 | D:4      | HP: 6/24 [poisoned by a worker ant]
  3451 | D:4      | HP: 5/24 [poisoned by a worker ant]
  3458 | D:4      | HP: 3/24 [poisoned by a worker ant]
  3466 | D:4      | HP: 2/24 [poisoned by a worker ant]
  3827 | D:4      | 3827 ||| Stepping ~*~*~tactically~*~*~ (stealth).
  3829 | D:4      | 3829 ||| Stepping ~*~*~tactically~*~*~ (stealth).
  3831 | D:4      | 3831 ||| Stepping ~*~*~tactically~*~*~ (stealth).
  3833 | D:4      | 3833 ||| Stepping ~*~*~tactically~*~*~ (hiding).
  3834 | D:4      | 3834 ||| Waiting for ranged monster.
  3835 | D:4      | 3835 ||| Waiting for ranged monster.
  3836 | D:4      | 3836 ||| Waiting for ranged monster.
  3837 | D:4      | 3837 ||| Waiting for ranged monster.
  3840 | D:4      | 3840 ||| Waiting for ranged monster.
  3841 | D:4      | 3841 ||| Waiting for ranged monster.
  3842 | D:4      | 3842 ||| Waiting for ranged monster.
  3851 | D:4      | 3851 ||| Stepping ~*~*~tactically~*~*~ (stealth).
  3853 | D:4      | 3853 ||| Stepping ~*~*~tactically~*~*~ (stealth).
  3855 | D:4      | 3855 ||| Stepping ~*~*~tactically~*~*~ (stealth).
  3857 | D:4      | 3857 ||| Stepping ~*~*~tactically~*~*~ (stealth).
  3859 | D:4      | 3859 ||| Stepping ~*~*~tactically~*~*~ (stealth).
  3861 | D:4      | 3861 ||| Stepping ~*~*~tactically~*~*~ (stealth).
  3863 | D:4      | 3863 ||| Stepping ~*~*~tactically~*~*~ (stealth).
  3865 | D:4      | 3865 ||| Stepping ~*~*~tactically~*~*~ (stealth).
  3868 | D:4      | 3868 ||| Stepping ~*~*~tactically~*~*~ (stealth).
  3875 | D:4      | 3875 ||| Stepping ~*~*~tactically~*~*~ (outnumbered).
  3880 | D:4      | Gained mutation: You are covered in thick fur. (AC +2)
                  | [Felid growth]
  3880 | D:4      | Reached XP level 6. HP: 28/28 MP: 7/7
  3889 | D:4      | Reached *** piety under Trog
  3998 | D:4      | 3998 ||| Stepping ~*~*~tactically~*~*~ (stealth).
  3999 | D:4      | 3999 ||| Stepping ~*~*~tactically~*~*~ (stealth).
  4001 | D:4      | 4001 ||| Stepping ~*~*~tactically~*~*~ (stealth).
  4005 | D:4      | 4005 ||| FLEEEEING.
  4006 | D:4      | 4006 ||| FLEEEEING.
  4007 | D:4      | 4007 ||| FLEEEEING.
  4008 | D:4      | 4008 ||| FLEEEEING.
  4009 | D:4      | 4009 ||| FLEEEEING.
  4010 | D:4      | 4010 ||| FLEEEEING.
  4011 | D:4      | 4011 ||| FLEEEEING.
  4012 | D:4      | 4012 ||| STILL FLEEEEING.
  4013 | D:4      | 4013 ||| STILL FLEEEEING.
  4014 | D:4      | 4014 ||| FLEEEEING.
  4015 | D:4      | 4015 ||| FLEEEEING.
  4016 | D:4      | 4016 ||| STILL FLEEEEING.
  4017 | D:4      | 4017 ||| FLEEEEING.
  4018 | D:4      | 4018 ||| FLEEEEING.
  4019 | D:4      | 4019 ||| FLEEEEING.
  4020 | D:4      | 4020 ||| FLEEEEING.
  4021 | D:4      | 4021 ||| FLEEEEING.
  4022 | D:4      | 4022 ||| FLEEEEING.
  4023 | D:4      | 4023 ||| FLEEEEING.
  4024 | D:4      | 4024 ||| FLEEEEING.
  4025 | D:4      | 4025 ||| FLEEEEING.
  4026 | D:4      | 4026 ||| FLEEEEING.
  4027 | D:4      | 4027 ||| FLEEEEING.
  4028 | D:4      | 4028 ||| FLEEEEING.
  4029 | D:4      | 4029 ||| FLEEEEING.
  4030 | D:4      | 4030 ||| FLEEEEING.
  4031 | D:4      | 4031 ||| FLEEEEING.
  4032 | D:4      | 4032 ||| FLEEEEING.
  4033 | D:4      | 4033 ||| FLEEEEING.
  4034 | D:4      | 4034 ||| FLEEEEING.
  4035 | D:4      | 4035 ||| STILL FLEEEEING.
  4036 | D:4      | 4036 ||| STILL FLEEEEING.
  4037 | D:4      | 4037 ||| STILL FLEEEEING.
  4038 | D:4      | 4038 ||| STILL FLEEEEING.
  4039 | D:4      | 4039 ||| STILL FLEEEEING.
  4040 | D:4      | 4040 ||| STAIRDANCE
  4177 | D:3      | 4177 ||| READING scroll labeled QAEVAY XUJA.
  4178 | D:3      | 4178 ||| READING 2 scrolls labeled FEUMIY WEDALE.
  4187 | D:4      | 4187 ||| FLEEEEING.
  4188 | D:4      | 4188 ||| STAIRDANCE
  4598 | D:4      | 4598 ||| DRINKING 2 bubbling inky potions.
  4627 | D:4      | 4627 ||| DROPPING potion of berserk rage.
  4655 | D:5      | Entered Level 5 of the Dungeon
  4667 | D:5      | 4667 ||| Stepping ~*~*~tactically~*~*~ (hiding).
  4668 | D:5      | 4668 ||| Stepping ~*~*~tactically~*~*~ (hiding).
  4669 | D:5      | 4669 ||| Waiting for ranged monster.
  4670 | D:5      | 4670 ||| Waiting for ranged monster.
  4671 | D:5      | 4671 ||| Waiting for ranged monster.
  4676 | D:5      | 4676 ||| Waiting for ranged monster.
  4677 | D:5      | 4677 ||| Waiting for ranged monster.
  4732 | D:5      | Found a shimmering altar of Xom.
  4740 | D:5      | Found a shimmering altar of Xom.
  4742 | D:5      | Found a shimmering altar of Xom.
  4799 | D:5      | Noticed Blork the orc
  4800 | D:5      | 4800 ||| Stepping ~*~*~tactically~*~*~ (stealth).
  4802 | D:5      | 4802 ||| Stepping ~*~*~tactically~*~*~ (stealth).
  4804 | D:5      | 4804 ||| Stepping ~*~*~tactically~*~*~ (stealth).
  4806 | D:5      | 4806 ||| Stepping ~*~*~tactically~*~*~ (stealth).
  4808 | D:5      | 4808 ||| Stepping ~*~*~tactically~*~*~ (stealth).
  4810 | D:5      | 4810 ||| Stepping ~*~*~tactically~*~*~ (hiding).
  4811 | D:5      | 4811 ||| Waiting for ranged monster.
  4812 | D:5      | 4812 ||| Waiting for ranged monster.
  4813 | D:5      | 4813 ||| Waiting for ranged monster.
  4814 | D:5      | 4814 ||| Waiting for ranged monster.
  4815 | D:5      | 4815 ||| Waiting for ranged monster.
  4816 | D:5      | 4816 ||| INVOKING Berserk.
  4824 | D:5      | Killed Blork the orc
  4886 | D:5      | 4886 ||| Stepping ~*~*~tactically~*~*~ (stealth).
  4887 | D:5      | 4887 ||| Stepping ~*~*~tactically~*~*~ (stealth).
  4898 | D:5      | Reached skill level 7 in Unarmed Combat
  4917 | D:5      | Noticed an ice beast
  4919 | D:5      | 4919 ||| INVOKING Berserk.
  4922 | D:5      | Killed an ice beast
  4922 | D:5      | Reached skill level 6 in Dodging
  4984 | D:5      | 4984 ||| Stepping ~*~*~tactically~*~*~ (stealth).
  4988 | D:5      | 4988 ||| Stepping ~*~*~tactically~*~*~ (stealth).
  4989 | D:5      | 4989 ||| Stepping ~*~*~tactically~*~*~ (stealth).
  4994 | D:5      | 4994 ||| Stepping ~*~*~tactically~*~*~ (hiding).
  4995 | D:5      | 4995 ||| Waiting for ranged monster.
  4996 | D:5      | 4996 ||| Waiting for ranged monster.
  5001 | D:5      | Reached XP level 7. HP: 30/31 MP: 8/8
  5003 | D:5      | 5003 ||| Stepping ~*~*~tactically~*~*~ (hiding).
  5008 | D:5      | 5008 ||| Stepping ~*~*~tactically~*~*~ (hiding).
  5016 | D:5      | 5016 ||| Waiting for ranged monster.
  5017 | D:5      | 5017 ||| Waiting for ranged monster.
  5060 | D:5      | 5060 ||| Stepping ~*~*~tactically~*~*~ (stealth).
  5082 | D:5      | 5082 ||| Stepping ~*~*~tactically~*~*~ (stealth).
  5223 | D:5      | 5223 ||| Stepping ~*~*~tactically~*~*~ (stealth).
  5225 | D:5      | 5225 ||| Stepping ~*~*~tactically~*~*~ (stealth).
  5341 | D:5      | Found a shimmering altar of Xom.
  5386 | D:5      | Found a bloodstained altar of Trog.
  5414 | D:5      | 5414 ||| Stepping ~*~*~tactically~*~*~ (stealth).
  5416 | D:5      | 5416 ||| Stepping ~*~*~tactically~*~*~ (stealth).
  5418 | D:5      | 5418 ||| Stepping ~*~*~tactically~*~*~ (stealth).
  5420 | D:5      | 5420 ||| Stepping ~*~*~tactically~*~*~ (stealth).
  5549 | D:5      | Noticed Eustachio
  5558 | D:5      | 5558 ||| Stepping ~*~*~tactically~*~*~ (stealth).
  5562 | D:5      | 5562 ||| Stepping ~*~*~tactically~*~*~ (stealth).
  5565 | D:5      | 5565 ||| Stepping ~*~*~tactically~*~*~ (stealth).
  5592 | D:5      | 5592 ||| READING scroll labeled QIJOERACADGH.
  5593 | D:5      | 5593 ||| READING scroll labeled QAKOLU YFEUHIE.
  5743 | D:5      | 5743 ||| Stepping ~*~*~tactically~*~*~ (stealth).
  5745 | D:5      | 5745 ||| Stepping ~*~*~tactically~*~*~ (stealth).
  5748 | D:5      | 5748 ||| Stepping ~*~*~tactically~*~*~ (stealth).
  5764 | D:6      | 5764 ||| Stepping ~*~*~tactically~*~*~ (stealth).
  5840 | D:6      | 5840 ||| Stepping ~*~*~tactically~*~*~ (stealth).
  5843 | D:6      | 5843 ||| Stepping ~*~*~tactically~*~*~ (stealth).
  5845 | D:6      | 5845 ||| Stepping ~*~*~tactically~*~*~ (stealth).
  5881 | D:6      | 5881 ||| Stepping ~*~*~tactically~*~*~ (stealth).
  5885 | D:6      | 5885 ||| Stepping ~*~*~tactically~*~*~ (stealth).
  6093 | D:6      | 6093 ||| Stepping ~*~*~tactically~*~*~ (stealth).
  6094 | D:6      | Found a blossoming altar of Fedhas.
  6098 | D:6      | Noticed Grinder
  6099 | D:6      | 6099 ||| Stepping ~*~*~tactically~*~*~ (hiding).
  6100 | D:6      | 6100 ||| Stepping ~*~*~tactically~*~*~ (hiding).
  6101 | D:6      | 6101 ||| Waiting for ranged monster.
  6102 | D:6      | 6102 ||| Waiting for ranged monster.
  6103 | D:6      | 6103 ||| Waiting for ranged monster.
  6104 | D:6      | 6104 ||| Waiting for ranged monster.
  6105 | D:6      | 6105 ||| Waiting for ranged monster.
  6107 | D:6      | 6107 ||| Stepping ~*~*~tactically~*~*~ (outnumbered).
  6111 | D:6      | 6111 ||| Stepping ~*~*~tactically~*~*~ (hiding).
  6113 | D:6      | 6113 ||| INVOKING Berserk.
  6115 | D:6      | Killed Grinder
  6115 | D:6      | Reached skill level 8 in Unarmed Combat
  6115 | D:6      | HP: 9/46 [orc warrior/+0 halberd (25)]
  6118 | D:6      | Mangled by an orc warrior
  6119 | D:6      | Reached XP level 6. HP: -10/42 MP: 7/7
  6143 | D:6      | Found a runed translucent door.
  6144 | D:6      | Noticed Crazy Yiuf
  6163 | D:6      | 6163 ||| Stepping ~*~*~tactically~*~*~ (stealth).
  6170 | D:6      | 6170 ||| Stepping ~*~*~tactically~*~*~ (stealth).
  6192 | D:6      | 6192 ||| Stepping ~*~*~tactically~*~*~ (stealth).
  6216 | D:6      | 6216 ||| Stepping ~*~*~tactically~*~*~ (stealth).
  6218 | D:6      | 6218 ||| Stepping ~*~*~tactically~*~*~ (stealth).
  6220 | D:6      | 6220 ||| Stepping ~*~*~tactically~*~*~ (stealth).
  6221 | D:6      | 6221 ||| Stepping ~*~*~tactically~*~*~ (stealth).
  6222 | D:6      | 6222 ||| INVOKING Berserk.
  6227 | D:6      | Killed an orc warrior
  6227 | D:6      | Reached XP level 7. HP: 31/31 MP: 8/8
  6272 | D:6      | 6272 ||| FLEEEEING.
  6273 | D:6      | 6273 ||| STILL FLEEEEING.
  6274 | D:6      | 6274 ||| STILL FLEEEEING.
  6275 | D:6      | 6275 ||| STILL FLEEEEING.
  6276 | D:6      | 6276 ||| STILL FLEEEEING.
  6277 | D:6      | 6277 ||| STAIRDANCE
  6311 | D:5      | 6311 ||| DRINKING 2 fizzy dark potions.
  6312 | D:5      | 6312 ||| READING 2 scrolls of identify.
  6312 | D:5      | 6312 ||| IDENTIFYING dark potion
  6313 | D:5      | 6313 ||| DROPPING potion of degeneration.
  6528 | D:6      | Found a radiant altar of Vehumet.
  6564 | D:6      | 6564 ||| INVOKING Berserk.
  6861 | D:7      | 6861 ||| INVOKING Berserk.
  6866 | D:7      | Reached skill level 9 in Unarmed Combat
  6913 | D:7      | Found a staircase to the Ecumenical Temple.
  6924 | D:7      | 6924 ||| Stepping ~*~*~tactically~*~*~ (stealth).
  6925 | D:7      | 6925 ||| Stepping ~*~*~tactically~*~*~ (stealth).
  6933 | D:7      | 6933 ||| Stepping ~*~*~tactically~*~*~ (hiding).
  6934 | D:7      | 6934 ||| Waiting for ranged monster.
  6935 | D:7      | 6935 ||| Waiting for ranged monster.
  6936 | D:7      | 6936 ||| Waiting for ranged monster.
  6937 | D:7      | 6937 ||| Waiting for ranged monster.
  6938 | D:7      | 6938 ||| INVOKING Berserk.
  7064 | D:7      | 7064 ||| Stepping ~*~*~tactically~*~*~ (stealth).
  7074 | D:7      | 7074 ||| Stepping ~*~*~tactically~*~*~ (stealth).
  7076 | D:7      | 7076 ||| Stepping ~*~*~tactically~*~*~ (stealth).
  7078 | D:7      | 7078 ||| Stepping ~*~*~tactically~*~*~ (stealth).
  7178 | D:7      | 7178 ||| Stepping ~*~*~tactically~*~*~ (stealth).
  7180 | D:7      | 7180 ||| Stepping ~*~*~tactically~*~*~ (stealth).
  7182 | D:7      | 7182 ||| Stepping ~*~*~tactically~*~*~ (stealth).
  7185 | D:7      | Noticed Pikel
  7186 | D:7      | 7186 ||| Stepping ~*~*~tactically~*~*~ (stealth).
  7194 | D:7      | 7194 ||| FLEEEEING.
  7195 | D:7      | 7195 ||| FLEEEEING.
  7196 | D:7      | 7196 ||| FLEEEEING.
  7197 | D:7      | 7197 ||| FLEEEEING.
  7198 | D:7      | 7198 ||| STAIRDANCE
  7262 | D:7      | 7262 ||| STAIRDANCE
  7384 | D:7      | 7384 ||| Stepping ~*~*~tactically~*~*~ (stealth).
  7398 | D:7      | 7398 ||| FLEEEEING.
  7399 | D:7      | 7399 ||| FLEEEEING.
  7400 | D:7      | 7400 ||| FLEEEEING.
  7401 | D:7      | 7401 ||| STAIRDANCE
  7486 | D:7      | 7486 ||| Stepping ~*~*~tactically~*~*~ (stealth).
  7494 | D:7      | 7494 ||| INVOKING Berserk.
  7495 | D:7      | Reached XP level 8. HP: 37/37 MP: 9/9
  7576 | D:7      | Found a hide-covered altar of Uskayaw.
  7601 | D:7      | 7601 ||| Stepping ~*~*~tactically~*~*~ (stealth).
  7782 | D:7      | 7782 ||| Stepping ~*~*~tactically~*~*~ (stealth).
  7788 | D:7      | 7788 ||| INVOKING Berserk.
  7843 | D:7      | 7843 ||| INVOKING Berserk.
  7900 | D:7      | 7900 ||| Stepping ~*~*~tactically~*~*~ (stealth).
  7902 | D:7      | 7902 ||| Stepping ~*~*~tactically~*~*~ (stealth).
  7905 | D:7      | 7905 ||| INVOKING Berserk.
  8236 | D:7      | 8236 ||| Stepping ~*~*~tactically~*~*~ (stealth).
  8238 | D:7      | 8238 ||| Stepping ~*~*~tactically~*~*~ (stealth).
  8246 | D:7      | 8246 ||| INVOKING Berserk.
  8248 | D:7      | Reached skill level 9 in Dodging
  8269 | D:7      | 8269 ||| Stepping ~*~*~tactically~*~*~ (stealth).
  8461 | D:7      | 8461 ||| Stepping ~*~*~tactically~*~*~ (stealth).
  8462 | D:7      | 8462 ||| Stepping ~*~*~tactically~*~*~ (stealth).
  8469 | D:7      | Reached **** piety under Trog
  8469 | D:7      | Reached skill level 10 in Unarmed Combat
  8469 | D:7      | Reached XP level 9. HP: 23/40 MP: 10/10
  8649 | D:7      | 8649 ||| READING scroll labeled TATUNU AFOP.
  8650 | D:7      | 8650 ||| READING scroll labeled PUTEUTATAL.
  8651 | D:7      | 8651 ||| DRINKING 2 lumpy sapphire potions.
  8652 | D:7      | 8652 ||| READING 3 scrolls of identify.
  8652 | D:7      | 8652 ||| IDENTIFYING emerald potion
  8653 | D:7      | 8653 ||| READING 2 scrolls of identify.
  8653 | D:7      | 8653 ||| IDENTIFYING sedimented red potion
  8654 | D:7      | 8654 ||| DROPPING potion of brilliance.
  8655 | D:7      | 8655 ||| DROPPING potion of flight.
  8685 | D:8      | 8685 ||| Stepping ~*~*~tactically~*~*~ (stealth).
  8687 | D:8      | 8687 ||| Stepping ~*~*~tactically~*~*~ (stealth).
  8719 | D:8      | 8719 ||| Stepping ~*~*~tactically~*~*~ (stealth).
  8721 | D:8      | 8721 ||| Stepping ~*~*~tactically~*~*~ (stealth).
  8735 | D:8      | 8735 ||| FLEEEEING.
  8736 | D:8      | 8736 ||| FLEEEEING.
  8737 | D:8      | 8737 ||| FLEEEEING.
  8738 | D:8      | 8738 ||| FLEEEEING.
  8739 | D:8      | 8739 ||| FLEEEEING.
  8740 | D:8      | 8740 ||| FLEEEEING.
  8741 | D:8      | 8741 ||| FLEEEEING.
  8742 | D:8      | 8742 ||| FLEEEEING.
  8743 | D:8      | 8743 ||| FLEEEEING.
  8744 | D:8      | 8744 ||| FLEEEEING.
  8745 | D:8      | 8745 ||| FLEEEEING.
  8746 | D:8      | 8746 ||| FLEEEEING.
  8747 | D:8      | 8747 ||| FLEEEEING.
  8748 | D:8      | 8748 ||| FLEEEEING.
  8749 | D:8      | 8749 ||| FLEEEEING.
  8750 | D:8      | 8750 ||| FLEEEEING.
  8751 | D:8      | 8751 ||| FLEEEEING.
  8752 | D:8      | 8752 ||| STAIRDANCE
  8785 | D:8      | 8785 ||| INVOKING Berserk.
  8787 | D:8      | 8787 ||| STAIRDANCE
  9026 | D:8      | 9026 ||| Stepping ~*~*~tactically~*~*~ (stealth).
  9028 | D:8      | 9028 ||| Stepping ~*~*~tactically~*~*~ (stealth).
  9031 | D:8      | 9031 ||| Stepping ~*~*~tactically~*~*~ (stealth).
  9038 | D:8      | 9038 ||| FLEEEEING.
  9039 | D:8      | 9039 ||| FLEEEEING.
  9040 | D:8      | 9040 ||| FLEEEEING.
  9041 | D:8      | 9041 ||| FLEEEEING.
  9042 | D:8      | 9042 ||| FLEEEEING.
  9043 | D:8      | 9043 ||| FLEEEEING.
  9044 | D:8      | 9044 ||| FLEEEEING.
  9045 | D:8      | 9045 ||| FLEEEEING.
  9046 | D:8      | 9046 ||| FLEEEEING.
  9047 | D:8      | 9047 ||| FLEEEEING.
  9048 | D:8      | 9048 ||| FLEEEEING.
  9049 | D:8      | 9049 ||| FLEEEEING.
  9050 | D:8      | 9050 ||| FLEEEEING.
  9051 | D:8      | 9051 ||| FLEEEEING.
  9052 | D:8      | 9052 ||| FLEEEEING.
  9053 | D:8      | 9053 ||| STAIRDANCE
  9115 | D:8      | Reached skill level 6 in Fighting
  9116 | D:8      | 9116 ||| STAIRDANCE
  9249 | D:8      | 9249 ||| Stepping ~*~*~tactically~*~*~ (stealth).
  9251 | D:8      | 9251 ||| Stepping ~*~*~tactically~*~*~ (hiding).
  9252 | D:8      | 9252 ||| Waiting for ranged monster.
  9253 | D:8      | 9253 ||| Waiting for ranged monster.
  9254 | D:8      | 9254 ||| Waiting for ranged monster.
  9255 | D:8      | 9255 ||| Waiting for ranged monster.
  9263 | D:8      | 9263 ||| FLEEEEING.
  9264 | D:8      | 9264 ||| FLEEEEING.
  9265 | D:8      | 9265 ||| FLEEEEING.
  9266 | D:8      | 9266 ||| FLEEEEING.
  9267 | D:8      | 9267 ||| FLEEEEING.
  9268 | D:8      | 9268 ||| FLEEEEING.
  9269 | D:8      | 9269 ||| FLEEEEING.
  9270 | D:8      | 9270 ||| FLEEEEING.
  9271 | D:8      | 9271 ||| FLEEEEING.
  9272 | D:8      | 9272 ||| FLEEEEING.
  9273 | D:8      | 9273 ||| FLEEEEING.
  9274 | D:8      | 9274 ||| FLEEEEING.
  9275 | D:8      | 9275 ||| FLEEEEING.
  9276 | D:8      | 9276 ||| FLEEEEING.
  9277 | D:8      | 9277 ||| FLEEEEING.
  9278 | D:8      | 9278 ||| FLEEEEING.
  9279 | D:8      | 9279 ||| FLEEEEING.
  9280 | D:8      | 9280 ||| FLEEEEING.
  9281 | D:8      | 9281 ||| STILL FLEEEEING.
  9282 | D:8      | 9282 ||| STILL FLEEEEING.
  9283 | D:8      | 9283 ||| STILL FLEEEEING.
  9327 | D:8      | 9327 ||| Stepping ~*~*~tactically~*~*~ (stealth).
  9328 | D:8      | 9328 ||| Stepping ~*~*~tactically~*~*~ (stealth).
  9395 | D:8      | Found an opulent altar of Gozag.
  9420 | D:8      | 9420 ||| INVOKING Berserk.
  9676 | D:8      | Found Suatt's Armour Emporium.
  9680 | D:8      | 9680 ||| Stepping ~*~*~tactically~*~*~ (stealth).
  9768 | D:8      | 9768 ||| Stepping ~*~*~tactically~*~*~ (stealth).
  9769 | D:8      | 9769 ||| Stepping ~*~*~tactically~*~*~ (stealth).
  9771 | D:8      | 9771 ||| Stepping ~*~*~tactically~*~*~ (stealth).
  9773 | D:8      | 9773 ||| Stepping ~*~*~tactically~*~*~ (stealth).
  9777 | D:8      | 9777 ||| Stepping ~*~*~tactically~*~*~ (stealth).
  9778 | D:8      | 9778 ||| Stepping ~*~*~tactically~*~*~ (stealth).
  9782 | D:8      | 9782 ||| Stepping ~*~*~tactically~*~*~ (outnumbered).
  9783 | D:8      | 9783 ||| Stepping ~*~*~tactically~*~*~ (outnumbered).
  9784 | D:8      | 9784 ||| Stepping ~*~*~tactically~*~*~ (outnumbered).
  9786 | D:8      | 9786 ||| Stepping ~*~*~tactically~*~*~ (outnumbered).
  9789 | D:8      | 9789 ||| Stepping ~*~*~tactically~*~*~ (outnumbered).
  9791 | D:8      | 9791 ||| INVOKING Berserk.
  9906 | D:8      | 9906 ||| Stepping ~*~*~tactically~*~*~ (stealth).
  9918 | D:8      | 9918 ||| Stepping ~*~*~tactically~*~*~ (stealth).
  9921 | D:8      | 9921 ||| Stepping ~*~*~tactically~*~*~ (stealth).
  9923 | D:8      | 9923 ||| Stepping ~*~*~tactically~*~*~ (stealth).
  9925 | D:8      | 9925 ||| Stepping ~*~*~tactically~*~*~ (stealth).
  9927 | D:8      | 9927 ||| Stepping ~*~*~tactically~*~*~ (stealth).
  9929 | D:8      | 9929 ||| Stepping ~*~*~tactically~*~*~ (stealth).
  9974 | D:8      | 9974 ||| Stepping ~*~*~tactically~*~*~ (stealth).
  9976 | D:8      | 9976 ||| Stepping ~*~*~tactically~*~*~ (stealth).
  9978 | D:8      | 9978 ||| Stepping ~*~*~tactically~*~*~ (stealth).
  9980 | D:8      | 9980 ||| Stepping ~*~*~tactically~*~*~ (stealth).
  9982 | D:8      | 9982 ||| Stepping ~*~*~tactically~*~*~ (stealth).
  9985 | D:8      | 9985 ||| Stepping ~*~*~tactically~*~*~ (stealth).
  9986 | D:8      | 9986 ||| Stepping ~*~*~tactically~*~*~ (stealth).
 10225 | D:8      | 10225 ||| Stepping ~*~*~tactically~*~*~ (stealth).
 10227 | D:8      | 10227 ||| Stepping ~*~*~tactically~*~*~ (stealth).
 10229 | D:8      | 10229 ||| Stepping ~*~*~tactically~*~*~ (stealth).
 10231 | D:8      | 10231 ||| Stepping ~*~*~tactically~*~*~ (stealth).
 10233 | D:8      | 10233 ||| Stepping ~*~*~tactically~*~*~ (stealth).
 10235 | D:8      | 10235 ||| Stepping ~*~*~tactically~*~*~ (stealth).
 10237 | D:8      | 10237 ||| Stepping ~*~*~tactically~*~*~ (stealth).
 10240 | D:8      | 10240 ||| Stepping ~*~*~tactically~*~*~ (stealth).
 10241 | D:8      | 10241 ||| Stepping ~*~*~tactically~*~*~ (stealth).
 10247 | D:8      | 10247 ||| Stepping ~*~*~tactically~*~*~ (stealth).
 10251 | D:8      | 10251 ||| FLEEEEING.
 10252 | D:8      | 10252 ||| FLEEEEING.
 10253 | D:8      | 10253 ||| FLEEEEING.
 10254 | D:8      | 10254 ||| FLEEEEING.
 10255 | D:8      | 10255 ||| FLEEEEING.
 10256 | D:8      | 10256 ||| FLEEEEING.
 10257 | D:8      | 10257 ||| FLEEEEING.
 10258 | D:8      | 10258 ||| FLEEEEING.
 10259 | D:8      | 10259 ||| FLEEEEING.
 10260 | D:8      | 10260 ||| FLEEEEING.
 10261 | D:8      | 10261 ||| FLEEEEING.
 10262 | D:8      | 10262 ||| FLEEEEING.
 10263 | D:8      | 10263 ||| FLEEEEING.
 10264 | D:8      | 10264 ||| FLEEEEING.
 10265 | D:8      | 10265 ||| FLEEEEING.
 10266 | D:8      | 10266 ||| STAIRDANCE
 10326 | D:7      | 10326 ||| READING scroll labeled YHUAV TECKITS.
 10353 | D:8      | 10353 ||| Stepping ~*~*~tactically~*~*~ (stealth).
 10355 | D:8      | 10355 ||| Stepping ~*~*~tactically~*~*~ (stealth).
 10363 | D:8      | 10363 ||| Stepping ~*~*~tactically~*~*~ (outnumbered).
 10365 | D:8      | Reached skill level 11 in Unarmed Combat
 10368 | D:8      | 10368 ||| FLEEEEING.
 10369 | D:8      | 10369 ||| FLEEEEING.
 10370 | D:8      | 10370 ||| FLEEEEING.
 10371 | D:8      | 10371 ||| FLEEEEING.
 10372 | D:8      | 10372 ||| FLEEEEING.
 10373 | D:8      | 10373 ||| FLEEEEING.
 10374 | D:8      | 10374 ||| FLEEEEING.
 10375 | D:8      | 10375 ||| FLEEEEING.
 10376 | D:8      | 10376 ||| FLEEEEING.
 10377 | D:8      | 10377 ||| FLEEEEING.
 10378 | D:8      | 10378 ||| FLEEEEING.
 10379 | D:8      | 10379 ||| FLEEEEING.
 10380 | D:8      | 10380 ||| FLEEEEING.
 10381 | D:8      | 10381 ||| FLEEEEING.
 10382 | D:8      | 10382 ||| FLEEEEING.
 10383 | D:8      | 10383 ||| FLEEEEING.
 10384 | D:8      | 10384 ||| FLEEEEING.
 10385 | D:8      | 10385 ||| FLEEEEING.
 10386 | D:8      | 10386 ||| FLEEEEING.
 10387 | D:8      | 10387 ||| STAIRDANCE
 10437 | D:8      | 10437 ||| STAIRDANCE
 10536 | D:9      | 10536 ||| Stepping ~*~*~tactically~*~*~ (stealth).
 10538 | D:9      | 10538 ||| Stepping ~*~*~tactically~*~*~ (stealth).
 10550 | D:9      | 10550 ||| Stepping ~*~*~tactically~*~*~ (stealth).
 10552 | D:9      | 10552 ||| Stepping ~*~*~tactically~*~*~ (stealth).
 10554 | D:9      | 10554 ||| Stepping ~*~*~tactically~*~*~ (stealth).
 10556 | D:9      | 10556 ||| Stepping ~*~*~tactically~*~*~ (stealth).
 10558 | D:9      | 10558 ||| Stepping ~*~*~tactically~*~*~ (stealth).
 10560 | D:9      | 10560 ||| Stepping ~*~*~tactically~*~*~ (stealth).
 10562 | D:9      | 10562 ||| Stepping ~*~*~tactically~*~*~ (stealth).
 10585 | D:9      | Found a shimmering blue altar of Sif Muna.
 10586 | D:9      | 10586 ||| Stepping ~*~*~tactically~*~*~ (stealth).
 10591 | D:9      | 10591 ||| Stepping ~*~*~tactically~*~*~ (stealth).
 10592 | D:9      | 10592 ||| Stepping ~*~*~tactically~*~*~ (hiding).
 10594 | D:9      | 10594 ||| Stepping ~*~*~tactically~*~*~ (hiding).
 10596 | D:9      | 10596 ||| Waiting for ranged monster.
 10597 | D:9      | 10597 ||| Waiting for ranged monster.
 10598 | D:9      | 10598 ||| Waiting for ranged monster.
 10599 | D:9      | 10599 ||| Waiting for ranged monster.
 10600 | D:9      | 10600 ||| INVOKING Berserk.
 10628 | D:9      | Noticed a two-headed ogre
 10634 | D:9      | 10634 ||| INVOKING Berserk.
 10639 | D:9      | Killed a two-headed ogre
 10639 | D:9      | Reached XP level 10. HP: 47/47 MP: 11/11
 10701 | D:9      | 10701 ||| Stepping ~*~*~tactically~*~*~ (stealth).
 10703 | D:9      | 10703 ||| Stepping ~*~*~tactically~*~*~ (stealth).
 10704 | D:9      | 10704 ||| Stepping ~*~*~tactically~*~*~ (stealth).
 10761 | D:9      | 10761 ||| Stepping ~*~*~tactically~*~*~ (stealth).
 10762 | D:9      | 10762 ||| Stepping ~*~*~tactically~*~*~ (stealth).
 10764 | D:9      | 10764 ||| Stepping ~*~*~tactically~*~*~ (stealth).
 10774 | D:9      | 10774 ||| FLEEEEING.
 10775 | D:9      | 10775 ||| FLEEEEING.
 10776 | D:9      | 10776 ||| FLEEEEING.
 10777 | D:9      | 10777 ||| FLEEEEING.
 10778 | D:9      | 10778 ||| FLEEEEING.
 10779 | D:9      | 10779 ||| FLEEEEING.
 10780 | D:9      | 10780 ||| FLEEEEING.
 10781 | D:9      | 10781 ||| FLEEEEING.
 10782 | D:9      | 10782 ||| FLEEEEING.
 10783 | D:9      | 10783 ||| FLEEEEING.
 10784 | D:9      | 10784 ||| FLEEEEING.
 10785 | D:9      | 10785 ||| FLEEEEING.
 10786 | D:9      | 10786 ||| FLEEEEING.
 10787 | D:9      | 10787 ||| STILL FLEEEEING.
 10788 | D:9      | 10788 ||| FLEEEEING.
 10789 | D:9      | 10789 ||| FLEEEEING.
 10790 | D:9      | 10790 ||| FLEEEEING.
 10791 | D:9      | 10791 ||| FLEEEEING.
 10792 | D:9      | 10792 ||| FLEEEEING.
 10793 | D:9      | 10793 ||| FLEEEEING.
 10835 | D:9      | 10835 ||| UPGRADING to thick peridot amulet.
 10837 | D:9      | 10837 ||| Stepping ~*~*~tactically~*~*~ (stealth).
 10862 | D:9      | Noticed a two-headed ogre
 10864 | D:9      | 10864 ||| INVOKING Berserk.
 10867 | D:9      | HP: 15/70 [two-headed ogre/+0 giant spiked club (36)]
 10869 | D:9      | Killed a two-headed ogre
 11118 | D:9      | 11118 ||| Stepping ~*~*~tactically~*~*~ (stealth).
 11120 | D:9      | 11120 ||| Stepping ~*~*~tactically~*~*~ (stealth).
 11132 | D:9      | 11132 ||| Stepping ~*~*~tactically~*~*~ (outnumbered).
 11133 | D:9      | 11133 ||| Stepping ~*~*~tactically~*~*~ (outnumbered).
 11139 | D:9      | 11139 ||| INVOKING Berserk.
 11141 | D:9      | Reached skill level 12 in Unarmed Combat
 11312 | D:9      | 11312 ||| UPGRADING to coral ring.
 11313 | D:9      | 11313 ||| REMOVING ring of ice.
 11402 | D:9      | 11402 ||| Stepping ~*~*~tactically~*~*~ (stealth).
 11404 | D:9      | 11404 ||| Stepping ~*~*~tactically~*~*~ (stealth).
 11425 | D:9      | 11425 ||| Stepping ~*~*~tactically~*~*~ (stealth).
 11429 | D:9      | 11429 ||| Stepping ~*~*~tactically~*~*~ (stealth).
 11431 | D:9      | 11431 ||| Stepping ~*~*~tactically~*~*~ (stealth).
 11432 | D:9      | 11432 ||| Stepping ~*~*~tactically~*~*~ (stealth).
 11445 | D:9      | 11445 ||| FLEEEEING.
 11446 | D:9      | 11446 ||| FLEEEEING.
 11447 | D:9      | 11447 ||| STILL FLEEEEING.
 11448 | D:9      | 11448 ||| FLEEEEING.
 11449 | D:9      | 11449 ||| STILL FLEEEEING.
 11450 | D:9      | 11450 ||| STILL FLEEEEING.
 11451 | D:9      | 11451 ||| STILL FLEEEEING.
 11452 | D:9      | 11452 ||| STILL FLEEEEING.
 11453 | D:9      | 11453 ||| STILL FLEEEEING.
 11454 | D:9      | 11454 ||| STILL FLEEEEING.
 11455 | D:9      | 11455 ||| STAIRDANCE
 11485 | D:8      | 11485 ||| READING 2 scrolls of identify.
 11485 | D:8      | 11485 ||| IDENTIFYING silvery potion
 11496 | D:9      | 11496 ||| Stepping ~*~*~tactically~*~*~ (stealth).
 11497 | D:9      | 11497 ||| Stepping ~*~*~tactically~*~*~ (stealth).
 11498 | D:9      | 11498 ||| Stepping ~*~*~tactically~*~*~ (stealth).
 11499 | D:9      | 11499 ||| Stepping ~*~*~tactically~*~*~ (stealth).
 11562 | D:9      | 11562 ||| Stepping ~*~*~tactically~*~*~ (stealth).
 11563 | D:9      | 11563 ||| Stepping ~*~*~tactically~*~*~ (stealth).
 11564 | D:9      | 11564 ||| Stepping ~*~*~tactically~*~*~ (stealth).
 11566 | D:9      | 11566 ||| Stepping ~*~*~tactically~*~*~ (stealth).
 11583 | D:9      | 11583 ||| INVOKING Berserk.
 11802 | D:9      | 11802 ||| Stepping ~*~*~tactically~*~*~ (stealth).
 11804 | D:9      | 11804 ||| Stepping ~*~*~tactically~*~*~ (stealth).
 11806 | D:9      | 11806 ||| Stepping ~*~*~tactically~*~*~ (stealth).
 11808 | D:9      | 11808 ||| Stepping ~*~*~tactically~*~*~ (stealth).
 11810 | D:9      | 11810 ||| Stepping ~*~*~tactically~*~*~ (stealth).
 11812 | D:9      | 11812 ||| Stepping ~*~*~tactically~*~*~ (stealth).
 11814 | D:9      | 11814 ||| Stepping ~*~*~tactically~*~*~ (stealth).
 11816 | D:9      | 11816 ||| Stepping ~*~*~tactically~*~*~ (stealth).
 11818 | D:9      | 11818 ||| Stepping ~*~*~tactically~*~*~ (stealth).
 11820 | D:9      | 11820 ||| Stepping ~*~*~tactically~*~*~ (stealth).
 11822 | D:9      | 11822 ||| Stepping ~*~*~tactically~*~*~ (stealth).
 11831 | D:9      | 11831 ||| Stepping ~*~*~tactically~*~*~ (stealth).
 11886 | D:9      | 11886 ||| Stepping ~*~*~tactically~*~*~ (hiding).
 11887 | D:9      | 11887 ||| Stepping ~*~*~tactically~*~*~ (hiding).
 11888 | D:9      | 11888 ||| Stepping ~*~*~tactically~*~*~ (hiding).
 11889 | D:9      | 11889 ||| Stepping ~*~*~tactically~*~*~ (hiding).
 11890 | D:9      | 11890 ||| Stepping ~*~*~tactically~*~*~ (hiding).
 11891 | D:9      | 11891 ||| Stepping ~*~*~tactically~*~*~ (hiding).
 11892 | D:9      | 11892 ||| Waiting for ranged monster.
 11893 | D:9      | 11893 ||| Stepping ~*~*~tactically~*~*~ (hiding).
 11894 | D:9      | 11894 ||| Stepping ~*~*~tactically~*~*~ (hiding).
 11895 | D:9      | 11895 ||| Stepping ~*~*~tactically~*~*~ (hiding).
 11896 | D:9      | 11896 ||| Stepping ~*~*~tactically~*~*~ (hiding).
 11897 | D:9      | 11897 ||| Waiting for ranged monster.
 11898 | D:9      | 11898 ||| Waiting for ranged monster.
 11899 | D:9      | 11899 ||| Waiting for ranged monster.
 11900 | D:9      | 11900 ||| Waiting for ranged monster.
 11901 | D:9      | 11901 ||| Waiting for ranged monster.
 11902 | D:9      | 11902 ||| Waiting for ranged monster.
 11903 | D:9      | 11903 ||| Waiting for ranged monster.
 11926 | D:9      | 11926 ||| Stepping ~*~*~tactically~*~*~ (stealth).
 11928 | D:9      | 11928 ||| Stepping ~*~*~tactically~*~*~ (stealth).
 11937 | D:9      | 11937 ||| FLEEEEING.
 11938 | D:9      | 11938 ||| FLEEEEING.
 11939 | D:9      | 11939 ||| FLEEEEING.
 11940 | D:9      | 11940 ||| FLEEEEING.
 11941 | D:9      | 11941 ||| FLEEEEING.
 11942 | D:9      | 11942 ||| FLEEEEING.
 11943 | D:9      | 11943 ||| FLEEEEING.
 11944 | D:9      | 11944 ||| FLEEEEING.
 11945 | D:9      | 11945 ||| FLEEEEING.
 11946 | D:9      | 11946 ||| STAIRDANCE
 11985 | D:9      | 11985 ||| STAIRDANCE
 12038 | D:9      | 12038 ||| Stepping ~*~*~tactically~*~*~ (stealth).
 12040 | D:9      | 12040 ||| Stepping ~*~*~tactically~*~*~ (stealth).
 12041 | D:9      | 12041 ||| Stepping ~*~*~tactically~*~*~ (stealth).
 12042 | D:9      | 12042 ||| Stepping ~*~*~tactically~*~*~ (stealth).
 12043 | D:9      | 12043 ||| Stepping ~*~*~tactically~*~*~ (stealth).
 12044 | D:9      | 12044 ||| Stepping ~*~*~tactically~*~*~ (stealth).
 12045 | D:9      | 12045 ||| Stepping ~*~*~tactically~*~*~ (stealth).
 12046 | D:9      | 12046 ||| Stepping ~*~*~tactically~*~*~ (stealth).
 12047 | D:9      | 12047 ||| Stepping ~*~*~tactically~*~*~ (stealth).
 12048 | D:9      | 12048 ||| Stepping ~*~*~tactically~*~*~ (stealth).
 12049 | D:9      | 12049 ||| Stepping ~*~*~tactically~*~*~ (stealth).
 12050 | D:9      | 12050 ||| Stepping ~*~*~tactically~*~*~ (stealth).
 12051 | D:9      | 12051 ||| Stepping ~*~*~tactically~*~*~ (stealth).
 12052 | D:9      | 12052 ||| Stepping ~*~*~tactically~*~*~ (stealth).
 12053 | D:9      | 12053 ||| Stepping ~*~*~tactically~*~*~ (stealth).
 12054 | D:9      | 12054 ||| Stepping ~*~*~tactically~*~*~ (stealth).
 12055 | D:9      | 12055 ||| Stepping ~*~*~tactically~*~*~ (stealth).
 12056 | D:9      | 12056 ||| Stepping ~*~*~tactically~*~*~ (stealth).
 12066 | D:9      | 12066 ||| Stepping ~*~*~tactically~*~*~ (stealth).
 12068 | D:9      | 12068 ||| Stepping ~*~*~tactically~*~*~ (stealth).
 12070 | D:9      | 12070 ||| Stepping ~*~*~tactically~*~*~ (stealth).
 12098 | D:9      | 12098 ||| INVOKING Berserk.
 12162 | D:9      | 12162 ||| Stepping ~*~*~tactically~*~*~ (stealth).
 12164 | D:9      | 12164 ||| Stepping ~*~*~tactically~*~*~ (stealth).
 12166 | D:9      | 12166 ||| Stepping ~*~*~tactically~*~*~ (hiding).
 12167 | D:9      | 12167 ||| Waiting for ranged monster.
 12168 | D:9      | 12168 ||| Waiting for ranged monster.
 12169 | D:9      | 12169 ||| Waiting for ranged monster.
 12175 | D:9      | 12175 ||| Stepping ~*~*~tactically~*~*~ (stealth).
 12251 | D:10     | Entered Level 10 of the Dungeon
 12252 | D:10     | 12252 ||| STAIRDANCE
 12384 | D:10     | 12384 ||| INVOKING Berserk.
 12394 | D:10     | 12394 ||| STAIRDANCE
 12571 | D:10     | 12571 ||| INVOKING Berserk.
 12595 | D:10     | 12595 ||| Stepping ~*~*~tactically~*~*~ (stealth).
 12630 | D:10     | 12630 ||| Stepping ~*~*~tactically~*~*~ (stealth).
 12645 | D:10     | 12645 ||| Stepping ~*~*~tactically~*~*~ (stealth).
 12657 | D:10     | Reached ***** piety under Trog
 12659 | D:10     | Found a staircase to the Lair.
 12684 | D:10     | 12684 ||| Stepping ~*~*~tactically~*~*~ (stealth).
 12805 | D:10     | 12805 ||| Stepping ~*~*~tactically~*~*~ (stealth).
 12807 | D:10     | 12807 ||| Stepping ~*~*~tactically~*~*~ (stealth).
 12815 | D:10     | 12815 ||| Stepping ~*~*~tactically~*~*~ (stealth).
 12818 | D:10     | 12818 ||| INVOKING Berserk.
 12909 | D:10     | 12909 ||| Stepping ~*~*~tactically~*~*~ (stealth).
 12916 | D:10     | 12916 ||| Stepping ~*~*~tactically~*~*~ (stealth).
 12918 | D:10     | 12918 ||| Stepping ~*~*~tactically~*~*~ (stealth).
 12920 | D:10     | 12920 ||| Stepping ~*~*~tactically~*~*~ (stealth).
 12922 | D:10     | 12922 ||| Stepping ~*~*~tactically~*~*~ (stealth).
 12924 | D:10     | 12924 ||| Stepping ~*~*~tactically~*~*~ (stealth).
 12942 | D:10     | 12942 ||| Stepping ~*~*~tactically~*~*~ (stealth).
 12963 | D:10     | 12963 ||| FLEEEEING.
 12964 | D:10     | 12964 ||| FLEEEEING.
 12965 | D:10     | 12965 ||| FLEEEEING.
 12966 | D:10     | 12966 ||| FLEEEEING.
 12967 | D:10     | 12967 ||| FLEEEEING.
 12968 | D:10     | 12968 ||| FLEEEEING.
 12969 | D:10     | 12969 ||| FLEEEEING.
 12970 | D:10     | 12970 ||| FLEEEEING.
 12971 | D:10     | 12971 ||| FLEEEEING.
 12972 | D:10     | 12972 ||| FLEEEEING.
 12973 | D:10     | 12973 ||| FLEEEEING.
 12974 | D:10     | 12974 ||| FLEEEEING.
 12975 | D:10     | 12975 ||| FLEEEEING.
 12976 | D:10     | 12976 ||| FLEEEEING.
 12977 | D:10     | 12977 ||| FLEEEEING.
 12978 | D:10     | 12978 ||| FLEEEEING.
 12979 | D:10     | 12979 ||| FLEEEEING.
 12980 | D:10     | 12980 ||| FLEEEEING.
 12981 | D:10     | 12981 ||| FLEEEEING.
 12982 | D:10     | 12982 ||| FLEEEEING.
 12983 | D:10     | 12983 ||| STILL FLEEEEING.
 12984 | D:10     | 12984 ||| STILL FLEEEEING.
 12985 | D:10     | 12985 ||| STILL FLEEEEING.
 12986 | D:10     | 12986 ||| STILL FLEEEEING.
 12987 | D:10     | 12987 ||| FLEEEEING.
 12988 | D:10     | 12988 ||| FLEEEEING.
 12989 | D:10     | 12989 ||| FLEEEEING.
 12990 | D:10     | 12990 ||| FLEEEEING.
 12991 | D:10     | 12991 ||| FLEEEEING.
 12992 | D:10     | 12992 ||| FLEEEEING.
 12993 | D:10     | 12993 ||| FLEEEEING.
 12994 | D:10     | 12994 ||| STILL FLEEEEING.
 12995 | D:10     | 12995 ||| STILL FLEEEEING.
 12996 | D:10     | 12996 ||| STILL FLEEEEING.
 12997 | D:10     | 12997 ||| STILL FLEEEEING.
 13073 | D:10     | 13073 ||| Stepping ~*~*~tactically~*~*~ (stealth).
 13075 | D:10     | 13075 ||| Stepping ~*~*~tactically~*~*~ (stealth).
 13077 | D:10     | 13077 ||| Stepping ~*~*~tactically~*~*~ (stealth).
 13079 | D:10     | 13079 ||| Stepping ~*~*~tactically~*~*~ (stealth).
 13081 | D:10     | 13081 ||| Stepping ~*~*~tactically~*~*~ (stealth).
 13083 | D:10     | 13083 ||| Stepping ~*~*~tactically~*~*~ (stealth).
 13089 | D:10     | Reached skill level 13 in Unarmed Combat
 13162 | D:10     | 13162 ||| Stepping ~*~*~tactically~*~*~ (stealth).
 13172 | D:10     | 13172 ||| Stepping ~*~*~tactically~*~*~ (stealth).
 13174 | D:10     | 13174 ||| Stepping ~*~*~tactically~*~*~ (stealth).
 13176 | D:10     | 13176 ||| Stepping ~*~*~tactically~*~*~ (stealth).
 13178 | D:10     | 13178 ||| Stepping ~*~*~tactically~*~*~ (stealth).
 13215 | D:10     | 13215 ||| Stepping ~*~*~tactically~*~*~ (stealth).
 13227 | D:10     | 13227 ||| Stepping ~*~*~tactically~*~*~ (stealth).
 13229 | D:10     | 13229 ||| Stepping ~*~*~tactically~*~*~ (stealth).
 13232 | D:10     | 13232 ||| Stepping ~*~*~tactically~*~*~ (stealth).
 13347 | D:10     | 13347 ||| Stepping ~*~*~tactically~*~*~ (stealth).
 13435 | D:10     | 13435 ||| Stepping ~*~*~tactically~*~*~ (stealth).
 13437 | D:10     | 13437 ||| Stepping ~*~*~tactically~*~*~ (stealth).
 13439 | D:10     | 13439 ||| Stepping ~*~*~tactically~*~*~ (stealth).
 13441 | D:10     | 13441 ||| Stepping ~*~*~tactically~*~*~ (stealth).
 13443 | D:10     | 13443 ||| Stepping ~*~*~tactically~*~*~ (stealth).
 13479 | D:10     | 13479 ||| Stepping ~*~*~tactically~*~*~ (stealth).
 13481 | D:10     | 13481 ||| Stepping ~*~*~tactically~*~*~ (stealth).
 13483 | D:10     | 13483 ||| Stepping ~*~*~tactically~*~*~ (stealth).
 13485 | D:10     | 13485 ||| Stepping ~*~*~tactically~*~*~ (stealth).
 13487 | D:10     | 13487 ||| Stepping ~*~*~tactically~*~*~ (stealth).
 13520 | D:10     | Reached XP level 11. HP: 49/51 MP: 12/12
 13534 | D:10     | 13534 ||| Stepping ~*~*~tactically~*~*~ (stealth).
 13536 | D:10     | 13536 ||| Stepping ~*~*~tactically~*~*~ (stealth).
 13648 | D:10     | 13648 ||| READING scroll labeled DEGAIR QEOLUST.
 13649 | D:10     | 13649 ||| READING scroll labeled HEQ FIACOID.
 13650 | D:10     | 13650 ||| READING scroll labeled TUSYKU OKAEGHE.
 13651 | D:10     | 13651 ||| DRINKING 3 golden potions.
 13652 | D:10     | 13652 ||| DROPPING 2 potions of magic.
 13692 | Lair:1   | Entered Level 1 of the Lair of Beasts
 13693 | Lair:1   | 13693 ||| Entered L.
 13701 | Lair:1   | 13701 ||| Stepping ~*~*~tactically~*~*~ (stealth).
 13703 | Lair:1   | 13703 ||| Stepping ~*~*~tactically~*~*~ (stealth).
 13705 | Lair:1   | 13705 ||| Stepping ~*~*~tactically~*~*~ (stealth).
 13707 | Lair:1   | 13707 ||| Stepping ~*~*~tactically~*~*~ (stealth).
 13709 | Lair:1   | 13709 ||| Stepping ~*~*~tactically~*~*~ (stealth).
 13750 | Lair:1   | 13750 ||| Stepping ~*~*~tactically~*~*~ (stealth).
 13753 | Lair:1   | 13753 ||| INVOKING Berserk.
 13756 | Lair:1   | Reached skill level 12 in Dodging
 13831 | Lair:1   | 13831 ||| INVOKING Berserk.
 13892 | Lair:1   | 13892 ||| Stepping ~*~*~tactically~*~*~ (stealth).
 13894 | Lair:1   | 13894 ||| Stepping ~*~*~tactically~*~*~ (stealth).
 13896 | Lair:1   | 13896 ||| Stepping ~*~*~tactically~*~*~ (stealth).
 13898 | Lair:1   | 13898 ||| Stepping ~*~*~tactically~*~*~ (stealth).
 13900 | Lair:1   | 13900 ||| Stepping ~*~*~tactically~*~*~ (stealth).
 13902 | Lair:1   | 13902 ||| Stepping ~*~*~tactically~*~*~ (stealth).
 13904 | Lair:1   | 13904 ||| Stepping ~*~*~tactically~*~*~ (stealth).
 13906 | Lair:1   | 13906 ||| Stepping ~*~*~tactically~*~*~ (stealth).
 13908 | Lair:1   | 13908 ||| Stepping ~*~*~tactically~*~*~ (stealth).
 13934 | Lair:1   | 13934 ||| Stepping ~*~*~tactically~*~*~ (stealth).
 13962 | Lair:1   | 13962 ||| Stepping ~*~*~tactically~*~*~ (stealth).
 13982 | Lair:1   | 13982 ||| Stepping ~*~*~tactically~*~*~ (stealth).
 13984 | Lair:1   | 13984 ||| Stepping ~*~*~tactically~*~*~ (stealth).
 13986 | Lair:1   | 13986 ||| Stepping ~*~*~tactically~*~*~ (stealth).
 14031 | Lair:1   | 14031 ||| FLEEEEING.
 14032 | Lair:1   | 14032 ||| FLEEEEING.
 14033 | Lair:1   | 14033 ||| FLEEEEING.
 14034 | Lair:1   | 14034 ||| FLEEEEING.
 14035 | Lair:1   | 14035 ||| FLEEEEING.
 14036 | Lair:1   | 14036 ||| FLEEEEING.
 14037 | Lair:1   | 14037 ||| FLEEEEING.
 14038 | Lair:1   | 14038 ||| FLEEEEING.
 14039 | Lair:1   | 14039 ||| FLEEEEING.
 14040 | Lair:1   | 14040 ||| FLEEEEING.
 14041 | Lair:1   | 14041 ||| FLEEEEING.
 14042 | Lair:1   | 14042 ||| FLEEEEING.
 14043 | Lair:1   | 14043 ||| FLEEEEING.
 14044 | Lair:1   | 14044 ||| FLEEEEING.
 14045 | Lair:1   | 14045 ||| STILL FLEEEEING.
 14051 | Lair:1   | Reached skill level 9 in Fighting
 14157 | Lair:1   | 14157 ||| Stepping ~*~*~tactically~*~*~ (stealth).
 14173 | Lair:1   | 14173 ||| Stepping ~*~*~tactically~*~*~ (stealth).
 14175 | Lair:1   | 14175 ||| Stepping ~*~*~tactically~*~*~ (stealth).
 14177 | Lair:1   | 14177 ||| Stepping ~*~*~tactically~*~*~ (stealth).
 14178 | Lair:1   | 14178 ||| Stepping ~*~*~tactically~*~*~ (stealth).
 14181 | Lair:1   | 14181 ||| FLEEEEING.
 14182 | Lair:1   | 14182 ||| FLEEEEING.
 14183 | Lair:1   | 14183 ||| FLEEEEING.
 14184 | Lair:1   | 14184 ||| FLEEEEING.
 14185 | Lair:1   | 14185 ||| FLEEEEING.
 14186 | Lair:1   | 14186 ||| FLEEEEING.
 14187 | Lair:1   | 14187 ||| FLEEEEING.
 14188 | Lair:1   | 14188 ||| FLEEEEING.
 14189 | Lair:1   | 14189 ||| FLEEEEING.
 14190 | Lair:1   | 14190 ||| FLEEEEING.
 14191 | Lair:1   | 14191 ||| STILL FLEEEEING.
 14192 | Lair:1   | 14192 ||| STILL FLEEEEING.
 14193 | Lair:1   | 14193 ||| FLEEEEING.
 14194 | Lair:1   | 14194 ||| FLEEEEING.
 14195 | Lair:1   | 14195 ||| FLEEEEING.
 14196 | Lair:1   | 14196 ||| FLEEEEING.
 14197 | Lair:1   | 14197 ||| FLEEEEING.
 14198 | Lair:1   | 14198 ||| FLEEEEING.
 14199 | Lair:1   | 14199 ||| FLEEEEING.
 14200 | Lair:1   | 14200 ||| FLEEEEING.
 14201 | Lair:1   | 14201 ||| FLEEEEING.
 14202 | Lair:1   | 14202 ||| FLEEEEING.
 14203 | Lair:1   | 14203 ||| FLEEEEING.
 14204 | Lair:1   | 14204 ||| FLEEEEING.
 14205 | Lair:1   | 14205 ||| STILL FLEEEEING.
 14293 | Lair:1   | 14293 ||| Stepping ~*~*~tactically~*~*~ (stealth).
 14295 | Lair:1   | 14295 ||| Stepping ~*~*~tactically~*~*~ (stealth).
 14297 | Lair:1   | 14297 ||| Stepping ~*~*~tactically~*~*~ (stealth).
 14299 | Lair:1   | 14299 ||| Stepping ~*~*~tactically~*~*~ (stealth).
 14301 | Lair:1   | 14301 ||| Stepping ~*~*~tactically~*~*~ (stealth).
 14304 | Lair:1   | 14304 ||| INVOKING Berserk.
 14396 | Lair:1   | 14396 ||| Stepping ~*~*~tactically~*~*~ (stealth).
 14398 | Lair:1   | 14398 ||| Stepping ~*~*~tactically~*~*~ (stealth).
 14399 | Lair:1   | Noticed Grum
 14400 | Lair:1   | 14400 ||| Stepping ~*~*~tactically~*~*~ (stealth).
 14403 | Lair:1   | 14403 ||| Stepping ~*~*~tactically~*~*~ (stealth).
 14412 | Lair:1   | 14412 ||| INVOKING Berserk.
 14419 | Lair:1   | Killed Grum
 14547 | Lair:1   | 14547 ||| Stepping ~*~*~tactically~*~*~ (stealth).
 14549 | Lair:1   | 14549 ||| Stepping ~*~*~tactically~*~*~ (stealth).
 14551 | Lair:1   | 14551 ||| Stepping ~*~*~tactically~*~*~ (stealth).
 14564 | Lair:1   | 14564 ||| FLEEEEING.
 14565 | Lair:1   | 14565 ||| FLEEEEING.
 14566 | Lair:1   | 14566 ||| FLEEEEING.
 14569 | Lair:1   | 14569 ||| FLEEEEING.
 14570 | Lair:1   | 14570 ||| FLEEEEING.
 14744 | Lair:1   | 14744 ||| Stepping ~*~*~tactically~*~*~ (stealth).
 14746 | Lair:1   | 14746 ||| Stepping ~*~*~tactically~*~*~ (stealth).
 14748 | Lair:1   | 14748 ||| Stepping ~*~*~tactically~*~*~ (stealth).
 14750 | Lair:1   | 14750 ||| Stepping ~*~*~tactically~*~*~ (stealth).
 14753 | Lair:1   | 14753 ||| INVOKING Berserk.
 14820 | Lair:1   | 14820 ||| Stepping ~*~*~tactically~*~*~ (stealth).
 14824 | Lair:1   | 14824 ||| Stepping ~*~*~tactically~*~*~ (stealth).
 14826 | Lair:1   | 14826 ||| Stepping ~*~*~tactically~*~*~ (outnumbered).
 14827 | Lair:1   | 14827 ||| Stepping ~*~*~tactically~*~*~ (stealth).
 14832 | Lair:1   | 14832 ||| Stepping ~*~*~tactically~*~*~ (stealth).
 14837 | Lair:1   | 14837 ||| FLEEEEING.
 14838 | Lair:1   | 14838 ||| FLEEEEING.
 14839 | Lair:1   | 14839 ||| FLEEEEING.
 14840 | Lair:1   | 14840 ||| FLEEEEING.
 14841 | Lair:1   | 14841 ||| FLEEEEING.
 14842 | Lair:1   | 14842 ||| FLEEEEING.
 14843 | Lair:1   | 14843 ||| FLEEEEING.
 14844 | Lair:1   | 14844 ||| FLEEEEING.
 14845 | Lair:1   | 14845 ||| FLEEEEING.
 14846 | Lair:1   | 14846 ||| FLEEEEING.
 14847 | Lair:1   | 14847 ||| FLEEEEING.
 14848 | Lair:1   | 14848 ||| STILL FLEEEEING.
 14849 | Lair:1   | 14849 ||| STILL FLEEEEING.
 14850 | Lair:1   | 14850 ||| STILL FLEEEEING.
 14851 | Lair:1   | 14851 ||| FLEEEEING.
 14852 | Lair:1   | 14852 ||| FLEEEEING.
 14853 | Lair:1   | 14853 ||| FLEEEEING.
 14854 | Lair:1   | 14854 ||| FLEEEEING.
 14855 | Lair:1   | 14855 ||| FLEEEEING.
 14856 | Lair:1   | 14856 ||| STILL FLEEEEING.
 14857 | Lair:1   | 14857 ||| FLEEEEING.
 14858 | Lair:1   | 14858 ||| FLEEEEING.
 14859 | Lair:1   | 14859 ||| STILL FLEEEEING.
 14860 | Lair:1   | 14860 ||| STILL FLEEEEING.
 14861 | Lair:1   | 14861 ||| STILL FLEEEEING.
 14862 | Lair:1   | 14862 ||| STILL FLEEEEING.
 14863 | Lair:1   | 14863 ||| STILL FLEEEEING.
 14864 | Lair:1   | 14864 ||| STILL FLEEEEING.
 14865 | Lair:1   | 14865 ||| STILL FLEEEEING.
 14866 | Lair:1   | 14866 ||| STILL FLEEEEING.
 14867 | Lair:1   | 14867 ||| STILL FLEEEEING.
 14916 | Lair:1   | 14916 ||| Stepping ~*~*~tactically~*~*~ (stealth).
 14918 | Lair:1   | 14918 ||| Stepping ~*~*~tactically~*~*~ (stealth).
 14920 | Lair:1   | 14920 ||| Stepping ~*~*~tactically~*~*~ (stealth).
 14929 | Lair:1   | 14929 ||| Stepping ~*~*~tactically~*~*~ (outnumbered).
 14937 | Lair:1   | 14937 ||| FLEEEEING.
 14938 | Lair:1   | 14938 ||| FLEEEEING.
 14939 | Lair:1   | 14939 ||| FLEEEEING.
 14940 | Lair:1   | 14940 ||| FLEEEEING.
 14941 | Lair:1   | 14941 ||| FLEEEEING.
 14942 | Lair:1   | 14942 ||| FLEEEEING.
 14943 | Lair:1   | 14943 ||| FLEEEEING.
 14944 | Lair:1   | 14944 ||| FLEEEEING.
 14945 | Lair:1   | 14945 ||| FLEEEEING.
 14946 | Lair:1   | 14946 ||| FLEEEEING.
 14947 | Lair:1   | 14947 ||| FLEEEEING.
 14948 | Lair:1   | 14948 ||| FLEEEEING.
 14949 | Lair:1   | 14949 ||| FLEEEEING.
 14950 | Lair:1   | 14950 ||| FLEEEEING.
 14951 | Lair:1   | 14951 ||| FLEEEEING.
 14952 | Lair:1   | 14952 ||| FLEEEEING.
 14953 | Lair:1   | 14953 ||| FLEEEEING.
 14954 | Lair:1   | 14954 ||| FLEEEEING.
 14955 | Lair:1   | 14955 ||| FLEEEEING.
 14956 | Lair:1   | 14956 ||| STILL FLEEEEING.
 14957 | Lair:1   | 14957 ||| STILL FLEEEEING.
 14958 | Lair:1   | 14958 ||| FLEEEEING.
 14959 | Lair:1   | 14959 ||| FLEEEEING.
 14960 | Lair:1   | 14960 ||| FLEEEEING.
 14961 | Lair:1   | 14961 ||| FLEEEEING.
 14962 | Lair:1   | 14962 ||| FLEEEEING.
 14963 | Lair:1   | 14963 ||| FLEEEEING.
 14964 | Lair:1   | 14964 ||| FLEEEEING.
 14965 | Lair:1   | 14965 ||| FLEEEEING.
 14966 | Lair:1   | 14966 ||| FLEEEEING.
 15126 | Lair:1   | 15126 ||| Stepping ~*~*~tactically~*~*~ (stealth).
 15145 | Lair:1   | 15145 ||| Stepping ~*~*~tactically~*~*~ (stealth).
 15147 | Lair:1   | 15147 ||| Stepping ~*~*~tactically~*~*~ (stealth).
 15156 | Lair:1   | 15156 ||| FLEEEEING.
 15157 | Lair:1   | 15157 ||| FLEEEEING.
 15158 | Lair:1   | 15158 ||| FLEEEEING.
 15159 | Lair:1   | 15159 ||| FLEEEEING.
 15160 | Lair:1   | 15160 ||| FLEEEEING.
 15161 | Lair:1   | 15161 ||| FLEEEEING.
 15162 | Lair:1   | 15162 ||| FLEEEEING.
 15163 | Lair:1   | 15163 ||| FLEEEEING.
 15164 | Lair:1   | 15164 ||| FLEEEEING.
 15298 | Lair:1   | 15298 ||| FLEEEEING.
 15299 | Lair:1   | 15299 ||| FLEEEEING.
 15300 | Lair:1   | 15300 ||| FLEEEEING.
 15301 | Lair:1   | 15301 ||| FLEEEEING.
 15302 | Lair:1   | 15302 ||| FLEEEEING.
 15303 | Lair:1   | 15303 ||| STILL FLEEEEING.
 15304 | Lair:1   | 15304 ||| STILL FLEEEEING.
 15305 | Lair:1   | 15305 ||| STILL FLEEEEING.
 15306 | Lair:1   | 15306 ||| FLEEEEING.
 15307 | Lair:1   | 15307 ||| FLEEEEING.
 15308 | Lair:1   | 15308 ||| FLEEEEING.
 15309 | Lair:1   | 15309 ||| FLEEEEING.
 15320 | Lair:1   | Reached skill level 14 in Unarmed Combat
 15328 | Lair:1   | 15328 ||| INVOKING Berserk.
 15328 | Lair:1   | HP: 14/79 [yak (12)]
 15330 | Lair:1   | HP: 5/79 [yak (10)]
 15331 | Lair:1   | Mangled by a yak
 15332 | Lair:1   | Reached XP level 10. HP: -10/73 MP: 0/11
 15369 | Lair:1   | 15369 ||| Stepping ~*~*~tactically~*~*~ (outnumbered).
 15370 | Lair:1   | 15370 ||| Stepping ~*~*~tactically~*~*~ (outnumbered).
 15371 | Lair:1   | 15371 ||| Stepping ~*~*~tactically~*~*~ (outnumbered).
 15373 | Lair:1   | 15373 ||| Stepping ~*~*~tactically~*~*~ (outnumbered).
 15374 | Lair:1   | 15374 ||| Stepping ~*~*~tactically~*~*~ (outnumbered).
 15375 | Lair:1   | 15375 ||| Stepping ~*~*~tactically~*~*~ (outnumbered).
 15376 | Lair:1   | 15376 ||| Stepping ~*~*~tactically~*~*~ (outnumbered).
 15379 | Lair:1   | 15379 ||| Stepping ~*~*~tactically~*~*~ (outnumbered).
 15608 | Lair:1   | 15608 ||| Stepping ~*~*~tactically~*~*~ (stealth).
 15610 | Lair:1   | 15610 ||| Stepping ~*~*~tactically~*~*~ (stealth).
 15612 | Lair:1   | 15612 ||| Stepping ~*~*~tactically~*~*~ (stealth).
 15614 | Lair:1   | 15614 ||| Stepping ~*~*~tactically~*~*~ (stealth).
 15616 | Lair:1   | 15616 ||| Stepping ~*~*~tactically~*~*~ (stealth).
 15618 | Lair:1   | 15618 ||| Stepping ~*~*~tactically~*~*~ (stealth).
 15620 | Lair:1   | 15620 ||| Stepping ~*~*~tactically~*~*~ (stealth).
 15747 | Lair:1   | 15747 ||| DRINKING 2 ruby potions.
 15775 | Lair:2   | 15775 ||| Stepping ~*~*~tactically~*~*~ (stealth).
 15783 | Lair:2   | 15783 ||| FLEEEEING.
 15784 | Lair:2   | 15784 ||| FLEEEEING.
 15785 | Lair:2   | 15785 ||| FLEEEEING.
 15786 | Lair:2   | 15786 ||| FLEEEEING.
 15787 | Lair:2   | 15787 ||| FLEEEEING.
 15788 | Lair:2   | 15788 ||| FLEEEEING.
 15789 | Lair:2   | 15789 ||| FLEEEEING.
 15790 | Lair:2   | 15790 ||| FLEEEEING.
 15791 | Lair:2   | 15791 ||| FLEEEEING.
 15792 | Lair:2   | 15792 ||| FLEEEEING.
 15793 | Lair:2   | 15793 ||| FLEEEEING.
 15794 | Lair:2   | 15794 ||| FLEEEEING.
 15795 | Lair:2   | 15795 ||| FLEEEEING.
 15796 | Lair:2   | 15796 ||| FLEEEEING.
 15797 | Lair:2   | 15797 ||| FLEEEEING.
 15798 | Lair:2   | 15798 ||| STILL FLEEEEING.
 15799 | Lair:2   | 15799 ||| STILL FLEEEEING.
 15800 | Lair:2   | 15800 ||| STILL FLEEEEING.
 15801 | Lair:2   | 15801 ||| STAIRDANCE
 15864 | Lair:2   | 15864 ||| STAIRDANCE
 16079 | Lair:2   | 16079 ||| Stepping ~*~*~tactically~*~*~ (stealth).
 16080 | Lair:2   | 16080 ||| Stepping ~*~*~tactically~*~*~ (stealth).
 16081 | Lair:2   | 16081 ||| Stepping ~*~*~tactically~*~*~ (stealth).
 16082 | Lair:2   | 16082 ||| Stepping ~*~*~tactically~*~*~ (stealth).
 16086 | Lair:2   | 16086 ||| INVOKING Berserk.
 16162 | Lair:2   | 16162 ||| Stepping ~*~*~tactically~*~*~ (stealth).
 16164 | Lair:2   | 16164 ||| Stepping ~*~*~tactically~*~*~ (stealth).
 16166 | Lair:2   | 16166 ||| Stepping ~*~*~tactically~*~*~ (stealth).
 16168 | Lair:2   | 16168 ||| Stepping ~*~*~tactically~*~*~ (stealth).
 16171 | Lair:2   | 16171 ||| Stepping ~*~*~tactically~*~*~ (stealth).
 16175 | Lair:2   | Noticed Sonja
 16176 | Lair:2   | 16176 ||| INVOKING Brothers in Arms.
 16181 | Lair:2   | 16181 ||| INVOKING Berserk.
 16181 | Lair:2   | Killed Sonja
 16186 | Lair:2   | 16186 ||| DRINKING 7 potions of curing.
 16186 | Lair:2   | 16186 ||| (to cure poison)
 16325 | Lair:2   | 16325 ||| Stepping ~*~*~tactically~*~*~ (stealth).
 16331 | Lair:2   | 16331 ||| INVOKING Berserk.
 16356 | Lair:2   | 16356 ||| READING 5 scrolls of teleportation.
 16361 | Lair:2   | Noticed a black mamba
 16361 | Lair:2   | Noticed a spiny frog
 16364 | Lair:2   | 16364 ||| INVOKING Brothers in Arms.
 16367 | Lair:2   | Killed a black mamba
 16368 | Lair:2   | 16368 ||| INVOKING Berserk.
 16369 | Lair:2   | Killed a spiny frog
 16369 | Lair:2   | Reached XP level 11. HP: 31/53 MP: 5/12
 16587 | Lair:2   | 16587 ||| UPGRADING to small cabochon ring.
 16670 | Lair:2   | Noticed Erica
 16671 | Lair:2   | 16671 ||| Stepping ~*~*~tactically~*~*~ (stealth).
 16672 | Lair:2   | 16672 ||| Stepping ~*~*~tactically~*~*~ (stealth).
 16674 | Lair:2   | 16674 ||| Stepping ~*~*~tactically~*~*~ (stealth).
 16676 | Lair:2   | 16676 ||| Stepping ~*~*~tactically~*~*~ (stealth).
 16678 | Lair:2   | 16678 ||| Stepping ~*~*~tactically~*~*~ (stealth).
 16680 | Lair:2   | 16680 ||| Stepping ~*~*~tactically~*~*~ (stealth).
 16682 | Lair:2   | 16682 ||| Stepping ~*~*~tactically~*~*~ (stealth).
 16683 | Lair:2   | 16683 ||| Stepping ~*~*~tactically~*~*~ (stealth).
 16685 | Lair:2   | 16685 ||| Stepping ~*~*~tactically~*~*~ (stealth).
 16686 | Lair:2   | 16686 ||| Stepping ~*~*~tactically~*~*~ (stealth).
 16687 | Lair:2   | 16687 ||| Stepping ~*~*~tactically~*~*~ (stealth).
 16688 | Lair:2   | 16688 ||| Stepping ~*~*~tactically~*~*~ (hiding).
 16690 | Lair:2   | 16690 ||| Stepping ~*~*~tactically~*~*~ (hiding).
 16691 | Lair:2   | 16691 ||| Stepping ~*~*~tactically~*~*~ (hiding).
 16692 | Lair:2   | 16692 ||| Stepping ~*~*~tactically~*~*~ (hiding).
 16693 | Lair:2   | 16693 ||| Stepping ~*~*~tactically~*~*~ (hiding).
 16694 | Lair:2   | 16694 ||| Stepping ~*~*~tactically~*~*~ (stealth).
 16696 | Lair:2   | 16696 ||| Stepping ~*~*~tactically~*~*~ (hiding).
 16697 | Lair:2   | 16697 ||| Stepping ~*~*~tactically~*~*~ (hiding).
 16698 | Lair:2   | 16698 ||| Stepping ~*~*~tactically~*~*~ (hiding).
 16699 | Lair:2   | 16699 ||| Stepping ~*~*~tactically~*~*~ (hiding).
 16701 | Lair:2   | 16701 ||| FLEEEEING.
 16702 | Lair:2   | 16702 ||| FLEEEEING.
 16703 | Lair:2   | 16703 ||| FLEEEEING.
 16704 | Lair:2   | 16704 ||| FLEEEEING.
 16705 | Lair:2   | 16705 ||| FLEEEEING.
 16706 | Lair:2   | 16706 ||| FLEEEEING.
 16707 | Lair:2   | 16707 ||| FLEEEEING.
 16708 | Lair:2   | 16708 ||| FLEEEEING.
 16709 | Lair:2   | 16709 ||| FLEEEEING.
 16710 | Lair:2   | 16710 ||| FLEEEEING.
 16711 | Lair:2   | 16711 ||| FLEEEEING.
 16712 | Lair:2   | 16712 ||| FLEEEEING.
 16713 | Lair:2   | 16713 ||| FLEEEEING.
 16714 | Lair:2   | 16714 ||| FLEEEEING.
 16715 | Lair:2   | 16715 ||| FLEEEEING.
 16716 | Lair:2   | 16716 ||| FLEEEEING.
 16717 | Lair:2   | 16717 ||| FLEEEEING.
 16718 | Lair:2   | 16718 ||| FLEEEEING.
 16719 | Lair:2   | 16719 ||| FLEEEEING.
 16720 | Lair:2   | 16720 ||| STAIRDANCE
 16757 | Lair:2   | 16757 ||| STAIRDANCE
 16766 | Lair:1   | 16766 ||| FLEEEEING.
 16767 | Lair:1   | 16767 ||| FLEEEEING.
 16768 | Lair:1   | 16768 ||| FLEEEEING.
 16769 | Lair:1   | 16769 ||| FLEEEEING.
 16770 | Lair:1   | 16770 ||| FLEEEEING.
 16771 | Lair:1   | 16771 ||| FLEEEEING.
 16772 | Lair:1   | 16772 ||| FLEEEEING.
 16773 | Lair:1   | 16773 ||| FLEEEEING.
 16774 | Lair:1   | 16774 ||| FLEEEEING.
 16775 | Lair:1   | 16775 ||| FLEEEEING.
 16776 | Lair:1   | 16776 ||| FLEEEEING.
 16777 | Lair:1   | 16777 ||| FLEEEEING.
 16778 | Lair:1   | 16778 ||| FLEEEEING.
 16779 | Lair:1   | 16779 ||| FLEEEEING.
 16780 | Lair:1   | 16780 ||| FLEEEEING.
 16781 | Lair:1   | 16781 ||| FLEEEEING.
 16859 | Lair:2   | 16859 ||| STAIRDANCE
 16931 | Lair:2   | 16931 ||| INVOKING Berserk.
 16933 | Lair:2   | Killed Erica
 17015 | Lair:2   | Noticed Harold
 17016 | Lair:2   | 17016 ||| Stepping ~*~*~tactically~*~*~ (stealth).
 17034 | Lair:2   | 17034 ||| Stepping ~*~*~tactically~*~*~ (stealth).
 17036 | Lair:2   | 17036 ||| Stepping ~*~*~tactically~*~*~ (hiding).
 17037 | Lair:2   | 17037 ||| Waiting for ranged monster.
 17038 | Lair:2   | 17038 ||| Stepping ~*~*~tactically~*~*~ (hiding).
 17039 | Lair:2   | 17039 ||| Waiting for ranged monster.
 17040 | Lair:2   | 17040 ||| Waiting for ranged monster.
 17041 | Lair:2   | 17041 ||| Waiting for ranged monster.
 17042 | Lair:2   | 17042 ||| Waiting for ranged monster.
 17043 | Lair:2   | 17043 ||| Waiting for ranged monster.
 17045 | Lair:2   | 17045 ||| INVOKING Berserk.
 17058 | Lair:2   | Killed Harold
 17171 | Lair:2   | 17171 ||| Stepping ~*~*~tactically~*~*~ (stealth).
 17191 | Lair:2   | 17191 ||| INVOKING Berserk.
 17347 | Lair:2   | 17347 ||| Stepping ~*~*~tactically~*~*~ (stealth).
 17349 | Lair:2   | 17349 ||| Stepping ~*~*~tactically~*~*~ (stealth).
 17351 | Lair:2   | 17351 ||| Stepping ~*~*~tactically~*~*~ (stealth).
 17353 | Lair:2   | 17353 ||| Stepping ~*~*~tactically~*~*~ (stealth).
 17410 | Lair:2   | 17410 ||| Stepping ~*~*~tactically~*~*~ (stealth).
 17412 | Lair:2   | 17412 ||| Stepping ~*~*~tactically~*~*~ (stealth).
 17414 | Lair:2   | 17414 ||| INVOKING Berserk.
 17417 | Lair:2   | Reached skill level 15 in Unarmed Combat
 17485 | Lair:2   | Found a staircase to the Shoals.
 17486 | Lair:2   | 17486 ||| Stepping ~*~*~tactically~*~*~ (water).
 17488 | Lair:2   | 17488 ||| Stepping ~*~*~tactically~*~*~ (water).
 17664 | Lair:2   | 17664 ||| READING scroll labeled HEHEGR ONATSU.
 17727 | Lair:3   | 17727 ||| Stepping ~*~*~tactically~*~*~ (stealth).
 17729 | Lair:3   | 17729 ||| Stepping ~*~*~tactically~*~*~ (stealth).
 17731 | Lair:3   | 17731 ||| Stepping ~*~*~tactically~*~*~ (stealth).
 17733 | Lair:3   | 17733 ||| Stepping ~*~*~tactically~*~*~ (stealth).
 17736 | Lair:3   | 17736 ||| Stepping ~*~*~tactically~*~*~ (stealth).
 17740 | Lair:3   | 17740 ||| Stepping ~*~*~tactically~*~*~ (stealth).
 17743 | Lair:3   | 17743 ||| Stepping ~*~*~tactically~*~*~ (stealth).
 17747 | Lair:3   | 17747 ||| Stepping ~*~*~tactically~*~*~ (stealth).
 17778 | Lair:3   | 17778 ||| Stepping ~*~*~tactically~*~*~ (stealth).
 17863 | Lair:3   | Noticed an oklob plant
 17864 | Lair:3   | 17864 ||| INVOKING Brothers in Arms.
 17870 | Lair:3   | 17870 ||| INVOKING Berserk.
 17871 | Lair:3   | Killed an oklob plant
 17948 | Lair:3   | 17948 ||| Stepping ~*~*~tactically~*~*~ (stealth).
 17950 | Lair:3   | 17950 ||| Stepping ~*~*~tactically~*~*~ (stealth).
 17968 | Lair:3   | 17968 ||| Stepping ~*~*~tactically~*~*~ (stealth).
 17970 | Lair:3   | 17970 ||| Stepping ~*~*~tactically~*~*~ (stealth).
 17972 | Lair:3   | 17972 ||| Stepping ~*~*~tactically~*~*~ (stealth).
 17975 | Lair:3   | 17975 ||| Stepping ~*~*~tactically~*~*~ (stealth).
 17978 | Lair:3   | 17978 ||| Stepping ~*~*~tactically~*~*~ (stealth).
 17979 | Lair:3   | 17979 ||| Stepping ~*~*~tactically~*~*~ (stealth).
 18020 | Lair:3   | 18020 ||| Stepping ~*~*~tactically~*~*~ (stealth).
 18022 | Lair:3   | 18022 ||| Stepping ~*~*~tactically~*~*~ (stealth).
 18024 | Lair:3   | 18024 ||| Stepping ~*~*~tactically~*~*~ (hiding).
 18025 | Lair:3   | 18025 ||| Waiting for ranged monster.
 18026 | Lair:3   | 18026 ||| Waiting for ranged monster.
 18039 | Lair:3   | Found a staircase to the Snake Pit.
 18040 | Lair:3   | 18040 ||| Stepping ~*~*~tactically~*~*~ (outnumbered).
 18042 | Lair:3   | 18042 ||| Stepping ~*~*~tactically~*~*~ (outnumbered).
 18043 | Lair:3   | 18043 ||| Stepping ~*~*~tactically~*~*~ (outnumbered).
 18337 | Lair:3   | 18337 ||| Stepping ~*~*~tactically~*~*~ (stealth).
 18339 | Lair:3   | 18339 ||| Stepping ~*~*~tactically~*~*~ (stealth).
 18341 | Lair:3   | 18341 ||| Stepping ~*~*~tactically~*~*~ (stealth).
 18343 | Lair:3   | 18343 ||| Stepping ~*~*~tactically~*~*~ (stealth).
 18345 | Lair:3   | 18345 ||| Stepping ~*~*~tactically~*~*~ (stealth).
 18347 | Lair:3   | 18347 ||| Stepping ~*~*~tactically~*~*~ (stealth).
 18352 | Lair:3   | 18352 ||| INVOKING Berserk.
 18462 | Lair:3   | 18462 ||| Stepping ~*~*~tactically~*~*~ (stealth).
 18464 | Lair:3   | 18464 ||| Stepping ~*~*~tactically~*~*~ (stealth).
 18466 | Lair:3   | 18466 ||| Stepping ~*~*~tactically~*~*~ (stealth).
 18468 | Lair:3   | 18468 ||| Stepping ~*~*~tactically~*~*~ (stealth).
 18470 | Lair:3   | 18470 ||| Stepping ~*~*~tactically~*~*~ (stealth).
 18472 | Lair:3   | 18472 ||| Stepping ~*~*~tactically~*~*~ (stealth).
 18474 | Lair:3   | 18474 ||| Stepping ~*~*~tactically~*~*~ (stealth).
 18486 | Lair:3   | 18486 ||| INVOKING Berserk.
 18505 | Lair:3   | 18505 ||| READING 4 scrolls of teleportation.
 18741 | Lair:3   | 18741 ||| FLEEEEING.
 18742 | Lair:3   | 18742 ||| FLEEEEING.
 18743 | Lair:3   | 18743 ||| FLEEEEING.
 18744 | Lair:3   | 18744 ||| FLEEEEING.
 18745 | Lair:3   | 18745 ||| FLEEEEING.
 18746 | Lair:3   | 18746 ||| FLEEEEING.
 18747 | Lair:3   | 18747 ||| FLEEEEING.
 18748 | Lair:3   | 18748 ||| FLEEEEING.
 18749 | Lair:3   | 18749 ||| FLEEEEING.
 18750 | Lair:3   | 18750 ||| FLEEEEING.
 18751 | Lair:3   | 18751 ||| FLEEEEING.
 18752 | Lair:3   | 18752 ||| FLEEEEING.
 18753 | Lair:3   | 18753 ||| FLEEEEING.
 18754 | Lair:3   | 18754 ||| FLEEEEING.
 18755 | Lair:3   | 18755 ||| FLEEEEING.
 18756 | Lair:3   | 18756 ||| FLEEEEING.
 18757 | Lair:3   | 18757 ||| FLEEEEING.
 18758 | Lair:3   | 18758 ||| FLEEEEING.
 18759 | Lair:3   | 18759 ||| FLEEEEING.
 18760 | Lair:3   | 18760 ||| FLEEEEING.
 18761 | Lair:3   | 18761 ||| STILL FLEEEEING.
 18762 | Lair:3   | 18762 ||| STAIRDANCE
 18889 | Lair:3   | 18889 ||| FLEEEEING.
 18890 | Lair:3   | 18890 ||| FLEEEEING.
 18891 | Lair:3   | 18891 ||| FLEEEEING.
 18892 | Lair:3   | 18892 ||| FLEEEEING.
 18893 | Lair:3   | 18893 ||| FLEEEEING.
 18894 | Lair:3   | 18894 ||| FLEEEEING.
 18895 | Lair:3   | 18895 ||| FLEEEEING.
 18896 | Lair:3   | 18896 ||| FLEEEEING.
 18897 | Lair:3   | 18897 ||| FLEEEEING.
 18898 | Lair:3   | 18898 ||| FLEEEEING.
 18899 | Lair:3   | 18899 ||| FLEEEEING.
 18900 | Lair:3   | 18900 ||| STAIRDANCE
 19036 | Lair:3   | 19036 ||| UPGRADING to knobbly garnet ring.
 19037 | Lair:3   | 19037 ||| REMOVING ring of wizardry.
 19038 | Lair:3   | 19038 ||| DROPPING ring of wizardry.
 19241 | Lair:4   | 19241 ||| Stepping ~*~*~tactically~*~*~ (stealth).
 19243 | Lair:4   | 19243 ||| Stepping ~*~*~tactically~*~*~ (stealth).
 19245 | Lair:4   | 19245 ||| Stepping ~*~*~tactically~*~*~ (stealth).
 19247 | Lair:4   | 19247 ||| Stepping ~*~*~tactically~*~*~ (stealth).
 19250 | Lair:4   | 19250 ||| Stepping ~*~*~tactically~*~*~ (stealth).
 19257 | Lair:4   | 19257 ||| INVOKING Berserk.
 19261 | Lair:4   | Gained mutation: Your thick and shaggy fur keeps you warm.
                  | (AC +3, rC+) [Felid growth]
 19261 | Lair:4   | Reached XP level 12. HP: 58/58 MP: 13/13
 19321 | Lair:4   | 19321 ||| Stepping ~*~*~tactically~*~*~ (stealth).
 19322 | Lair:4   | 19322 ||| Stepping ~*~*~tactically~*~*~ (stealth).
 19323 | Lair:4   | 19323 ||| Stepping ~*~*~tactically~*~*~ (stealth).
 19325 | Lair:4   | 19325 ||| Stepping ~*~*~tactically~*~*~ (stealth).
 19330 | Lair:4   | 19330 ||| Stepping ~*~*~tactically~*~*~ (stealth).
 19333 | Lair:4   | 19333 ||| Stepping ~*~*~tactically~*~*~ (stealth).
 19336 | Lair:4   | 19336 ||| Stepping ~*~*~tactically~*~*~ (stealth).
 19338 | Lair:4   | 19338 ||| Stepping ~*~*~tactically~*~*~ (stealth).
 19339 | Lair:4   | 19339 ||| Stepping ~*~*~tactically~*~*~ (stealth).
 19340 | Lair:4   | 19340 ||| Stepping ~*~*~tactically~*~*~ (stealth).
 19342 | Lair:4   | 19342 ||| Stepping ~*~*~tactically~*~*~ (stealth).
 19343 | Lair:4   | 19343 ||| Stepping ~*~*~tactically~*~*~ (stealth).
 19345 | Lair:4   | 19345 ||| Stepping ~*~*~tactically~*~*~ (stealth).
 19351 | Lair:4   | 19351 ||| Stepping ~*~*~tactically~*~*~ (stealth).
 19353 | Lair:4   | 19353 ||| INVOKING Berserk.
 19365 | Lair:4   | 19365 ||| READING 3 scrolls of teleportation.
 19441 | Lair:4   | 19441 ||| Stepping ~*~*~tactically~*~*~ (stealth).
 19502 | Lair:4   | 19502 ||| Stepping ~*~*~tactically~*~*~ (stealth).
 19508 | Lair:4   | 19508 ||| Stepping ~*~*~tactically~*~*~ (stealth).
 19510 | Lair:4   | 19510 ||| Stepping ~*~*~tactically~*~*~ (stealth).
 19647 | Lair:4   | 19647 ||| INVOKING Berserk.
 19652 | Lair:4   | 19652 ||| FLEEEEING.
 19653 | Lair:4   | 19653 ||| READING 3 scrolls of teleportation.
 19655 | Lair:4   | 19655 ||| STAIRDANCE
 19723 | Lair:4   | 19723 ||| Stepping ~*~*~tactically~*~*~ (stealth).
 19725 | Lair:4   | 19725 ||| Stepping ~*~*~tactically~*~*~ (stealth).
 19727 | Lair:4   | 19727 ||| Stepping ~*~*~tactically~*~*~ (stealth).
 19729 | Lair:4   | 19729 ||| Stepping ~*~*~tactically~*~*~ (stealth).
 19731 | Lair:4   | 19731 ||| Stepping ~*~*~tactically~*~*~ (stealth).
 19733 | Lair:4   | 19733 ||| Stepping ~*~*~tactically~*~*~ (stealth).
 19735 | Lair:4   | 19735 ||| Stepping ~*~*~tactically~*~*~ (stealth).
 19755 | Lair:4   | 19755 ||| Stepping ~*~*~tactically~*~*~ (stealth).
 19758 | Lair:4   | 19758 ||| Stepping ~*~*~tactically~*~*~ (stealth).
 19759 | Lair:4   | 19759 ||| Stepping ~*~*~tactically~*~*~ (stealth).
 19760 | Lair:4   | 19760 ||| Stepping ~*~*~tactically~*~*~ (stealth).
 19769 | Lair:4   | 19769 ||| INVOKING Berserk.
 19797 | Lair:4   | 19797 ||| Stepping ~*~*~tactically~*~*~ (stealth).
 19803 | Lair:4   | 19803 ||| INVOKING Brothers in Arms.
 19906 | Lair:4   | 19906 ||| Stepping ~*~*~tactically~*~*~ (outnumbered).
 19908 | Lair:4   | Reached skill level 16 in Unarmed Combat
 19931 | Lair:4   | 19931 ||| Stepping ~*~*~tactically~*~*~ (stealth).
 19934 | Lair:4   | 19934 ||| Stepping ~*~*~tactically~*~*~ (stealth).
 19936 | Lair:4   | 19936 ||| Stepping ~*~*~tactically~*~*~ (stealth).
 19938 | Lair:4   | 19938 ||| Stepping ~*~*~tactically~*~*~ (stealth).
 19940 | Lair:4   | 19940 ||| Stepping ~*~*~tactically~*~*~ (stealth).
 20036 | Lair:4   | 20036 ||| Stepping ~*~*~tactically~*~*~ (stealth).
 20038 | Lair:4   | 20038 ||| Stepping ~*~*~tactically~*~*~ (stealth).
 20040 | Lair:4   | 20040 ||| Stepping ~*~*~tactically~*~*~ (stealth).
 20042 | Lair:4   | 20042 ||| Stepping ~*~*~tactically~*~*~ (stealth).
 20044 | Lair:4   | 20044 ||| Stepping ~*~*~tactically~*~*~ (stealth).
 20046 | Lair:4   | 20046 ||| Stepping ~*~*~tactically~*~*~ (stealth).
 20048 | Lair:4   | 20048 ||| Stepping ~*~*~tactically~*~*~ (stealth).
 20050 | Lair:4   | 20050 ||| Stepping ~*~*~tactically~*~*~ (stealth).
 20052 | Lair:4   | 20052 ||| Stepping ~*~*~tactically~*~*~ (stealth).
 20054 | Lair:4   | 20054 ||| Stepping ~*~*~tactically~*~*~ (stealth).
 20056 | Lair:4   | 20056 ||| Stepping ~*~*~tactically~*~*~ (stealth).
 20058 | Lair:4   | 20058 ||| Stepping ~*~*~tactically~*~*~ (stealth).
 20060 | Lair:4   | 20060 ||| Stepping ~*~*~tactically~*~*~ (stealth).
 20062 | Lair:4   | 20062 ||| Stepping ~*~*~tactically~*~*~ (stealth).
 20064 | Lair:4   | 20064 ||| Stepping ~*~*~tactically~*~*~ (stealth).
 20066 | Lair:4   | 20066 ||| Stepping ~*~*~tactically~*~*~ (stealth).
 20068 | Lair:4   | 20068 ||| Stepping ~*~*~tactically~*~*~ (stealth).
 20070 | Lair:4   | 20070 ||| Stepping ~*~*~tactically~*~*~ (stealth).
 20072 | Lair:4   | 20072 ||| Stepping ~*~*~tactically~*~*~ (stealth).
 20074 | Lair:4   | 20074 ||| Stepping ~*~*~tactically~*~*~ (stealth).
 20113 | Lair:4   | 20113 ||| Stepping ~*~*~tactically~*~*~ (stealth).
 20115 | Lair:4   | 20115 ||| Stepping ~*~*~tactically~*~*~ (stealth).
 20117 | Lair:4   | 20117 ||| Stepping ~*~*~tactically~*~*~ (stealth).
 20126 | Lair:4   | 20126 ||| FLEEEEING.
 20127 | Lair:4   | 20127 ||| FLEEEEING.
 20128 | Lair:4   | 20128 ||| FLEEEEING.
 20129 | Lair:4   | 20129 ||| FLEEEEING.
 20130 | Lair:4   | 20130 ||| FLEEEEING.
 20131 | Lair:4   | 20131 ||| FLEEEEING.
 20132 | Lair:4   | 20132 ||| FLEEEEING.
 20133 | Lair:4   | 20133 ||| FLEEEEING.
 20134 | Lair:4   | 20134 ||| FLEEEEING.
 20135 | Lair:4   | 20135 ||| STILL FLEEEEING.
 20136 | Lair:4   | 20136 ||| STILL FLEEEEING.
 20137 | Lair:4   | 20137 ||| FLEEEEING.
 20138 | Lair:4   | 20138 ||| FLEEEEING.
 20139 | Lair:4   | 20139 ||| FLEEEEING.
 20140 | Lair:4   | 20140 ||| FLEEEEING.
 20141 | Lair:4   | 20141 ||| STILL FLEEEEING.
 20142 | Lair:4   | 20142 ||| STILL FLEEEEING.
 20143 | Lair:4   | 20143 ||| STILL FLEEEEING.
 20144 | Lair:4   | 20144 ||| FLEEEEING.
 20145 | Lair:4   | 20145 ||| FLEEEEING.
 20146 | Lair:4   | 20146 ||| FLEEEEING.
 20147 | Lair:4   | 20147 ||| FLEEEEING.
 20148 | Lair:4   | 20148 ||| FLEEEEING.
 20149 | Lair:4   | 20149 ||| FLEEEEING.
 20150 | Lair:4   | 20150 ||| FLEEEEING.
 20151 | Lair:4   | 20151 ||| FLEEEEING.
 20152 | Lair:4   | 20152 ||| FLEEEEING.
 20153 | Lair:4   | 20153 ||| FLEEEEING.
 20154 | Lair:4   | 20154 ||| FLEEEEING.
 20164 | Lair:4   | 20164 ||| Stepping ~*~*~tactically~*~*~ (stealth).
 20167 | Lair:4   | 20167 ||| Stepping ~*~*~tactically~*~*~ (stealth).
 20288 | Lair:4   | 20288 ||| Stepping ~*~*~tactically~*~*~ (stealth).
 20444 | Lair:5   | Found a staircase to the Slime Pits.
 20445 | Lair:5   | 20445 ||| INVOKING Brothers in Arms.
 20449 | Lair:5   | 20449 ||| INVOKING Berserk.
 20451 | Lair:5   | HP: 15/87 [acid (15)]
 20458 | Lair:5   | 20458 ||| DRINKING 2 potions of heal wounds.
 20579 | Lair:5   | Noticed a five-headed hydra
 20580 | Lair:5   | 20580 ||| Stepping ~*~*~tactically~*~*~ (stealth).
 20582 | Lair:5   | 20582 ||| Stepping ~*~*~tactically~*~*~ (stealth).
 20584 | Lair:5   | 20584 ||| Stepping ~*~*~tactically~*~*~ (stealth).
 20586 | Lair:5   | 20586 ||| Stepping ~*~*~tactically~*~*~ (stealth).
 20588 | Lair:5   | 20588 ||| Stepping ~*~*~tactically~*~*~ (stealth).
 20590 | Lair:5   | 20590 ||| INVOKING Brothers in Arms.
 20593 | Lair:5   | 20593 ||| INVOKING Berserk.
 20593 | Lair:5   | Noticed a death yak
 20597 | Lair:5   | Killed a five-headed hydra
 20602 | Lair:5   | Noticed a death yak
 20603 | Lair:5   | Noticed a death yak
 20603 | Lair:5   | Noticed Rupert
 20604 | Lair:5   | Killed a death yak
 20610 | Lair:5   | Killed a death yak
 20610 | Lair:5   | Reached skill level 15 in Dodging
 20610 | Lair:5   | HP: 7/58 [death yak (10)]
 20611 | Lair:5   | 20611 ||| DRINKING potion of heal wounds.
 20612 | Lair:5   | Killed a death yak
 20618 | Lair:5   | 20618 ||| READING 2 scrolls of teleportation.
 20797 | Lair:5   | 20797 ||| Stepping ~*~*~tactically~*~*~ (stealth).
 20799 | Lair:5   | 20799 ||| Stepping ~*~*~tactically~*~*~ (stealth).
 20801 | Lair:5   | 20801 ||| Stepping ~*~*~tactically~*~*~ (stealth).
 20803 | Lair:5   | 20803 ||| Stepping ~*~*~tactically~*~*~ (stealth).
 20805 | Lair:5   | 20805 ||| Stepping ~*~*~tactically~*~*~ (stealth).
 20837 | Lair:5   | 20837 ||| UPGRADING to scratched silver ring.
 20838 | Lair:5   | 20838 ||| REMOVING ring of fire.
 20881 | Lair:5   | 20881 ||| Stepping ~*~*~tactically~*~*~ (stealth).
 20883 | Lair:5   | 20883 ||| INVOKING Brothers in Arms.
 20885 | Lair:5   | 20885 ||| INVOKING Berserk.
 20939 | Lair:5   | 20939 ||| INVOKING Brothers in Arms.
 20940 | Lair:5   | 20940 ||| INVOKING Berserk.
 20942 | Lair:5   | HP: 12/87 [acid (11)]
 21309 | Lair:5   | Noticed a death yak
 21310 | Lair:5   | 21310 ||| Stepping ~*~*~tactically~*~*~ (stealth).
 21311 | Lair:5   | 21311 ||| Stepping ~*~*~tactically~*~*~ (stealth).
 21312 | Lair:5   | Noticed a death yak
 21312 | Lair:5   | Noticed a death yak
 21313 | Lair:5   | 21313 ||| Stepping ~*~*~tactically~*~*~ (stealth).
 21314 | Lair:5   | 21314 ||| Stepping ~*~*~tactically~*~*~ (stealth).
 21315 | Lair:5   | 21315 ||| Stepping ~*~*~tactically~*~*~ (stealth).
 21316 | Lair:5   | Noticed a death yak
 21317 | Lair:5   | 21317 ||| Stepping ~*~*~tactically~*~*~ (stealth).
 21318 | Lair:5   | 21318 ||| INVOKING Brothers in Arms.
 21318 | Lair:5   | Noticed a death yak
 21320 | Lair:5   | 21320 ||| INVOKING Berserk.
 21324 | Lair:5   | Killed a death yak
 21333 | Lair:5   | Killed Rupert
 21333 | Lair:5   | Killed a death yak
 21337 | Lair:5   | 21337 ||| READING scroll of teleportation.
 21493 | Lair:5   | 21493 ||| Stepping ~*~*~tactically~*~*~ (stealth).
 21494 | Lair:5   | 21494 ||| Stepping ~*~*~tactically~*~*~ (stealth).
 21495 | Lair:5   | 21495 ||| INVOKING Brothers in Arms.
 21498 | Lair:5   | 21498 ||| INVOKING Berserk.
 21503 | Lair:5   | Killed a death yak
 21508 | Lair:5   | Killed a death yak
 21508 | Lair:5   | Reached XP level 13. HP: 61/61 MP: 11/14
 21513 | Lair:5   | HP: 14/91 [death yak (25)]
 21562 | Lair:5   | 21562 ||| FLEEEEING.
 21563 | Lair:5   | 21563 ||| FLEEEEING.
 21564 | Lair:5   | 21564 ||| STILL FLEEEEING.
 21565 | Lair:5   | 21565 ||| STAIRDANCE
 21766 | Lair:5   | 21766 ||| Stepping ~*~*~tactically~*~*~ (stealth).
 21768 | Lair:5   | 21768 ||| Stepping ~*~*~tactically~*~*~ (stealth).
 21831 | Lair:5   | 21831 ||| Stepping ~*~*~tactically~*~*~ (stealth).
 21833 | Lair:5   | 21833 ||| Stepping ~*~*~tactically~*~*~ (stealth).
 21835 | Lair:5   | 21835 ||| Stepping ~*~*~tactically~*~*~ (stealth).
 21837 | Lair:5   | 21837 ||| Stepping ~*~*~tactically~*~*~ (stealth).
 21841 | Lair:5   | 21841 ||| Stepping ~*~*~tactically~*~*~ (stealth).
 21843 | Lair:5   | 21843 ||| Stepping ~*~*~tactically~*~*~ (outnumbered).
 21847 | Lair:5   | 21847 ||| Stepping ~*~*~tactically~*~*~ (outnumbered).
 21860 | Lair:5   | Reached skill level 17 in Unarmed Combat
 22006 | Lair:5   | Noticed Nessos
 22007 | Lair:5   | 22007 ||| Stepping ~*~*~tactically~*~*~ (stealth).
 22009 | Lair:5   | 22009 ||| Stepping ~*~*~tactically~*~*~ (stealth).
 22011 | Lair:5   | 22011 ||| Stepping ~*~*~tactically~*~*~ (stealth).
 22013 | Lair:5   | 22013 ||| Stepping ~*~*~tactically~*~*~ (stealth).
 22015 | Lair:5   | 22015 ||| Stepping ~*~*~tactically~*~*~ (stealth).
 22017 | Lair:5   | 22017 ||| Stepping ~*~*~tactically~*~*~ (stealth).
 22019 | Lair:5   | 22019 ||| Stepping ~*~*~tactically~*~*~ (hiding).
 22020 | Lair:5   | 22020 ||| Stepping ~*~*~tactically~*~*~ (hiding).
 22021 | Lair:5   | 22021 ||| Stepping ~*~*~tactically~*~*~ (hiding).
 22022 | Lair:5   | 22022 ||| INVOKING Brothers in Arms.
 22023 | Lair:5   | 22023 ||| Waiting for ranged monster.
 22027 | Lair:5   | 22027 ||| INVOKING Berserk.
 22036 | Lair:5   | HP: 22/91 [poisoned by Nessos]
 22039 | Lair:5   | Killed Nessos
 22041 | Lair:5   | HP: 11/61 [poisoned by Nessos]
 22042 | Lair:5   | 22042 ||| DRINKING 8 potions of curing.
 22042 | Lair:5   | 22042 ||| (to cure poison)
 22653 | Lair:6   | Entered Level 6 of the Lair of Beasts
 22654 | Lair:6   | 22654 ||| Stepping ~*~*~tactically~*~*~ (stealth).
 22656 | Lair:6   | 22656 ||| Stepping ~*~*~tactically~*~*~ (stealth).
 22657 | Lair:6   | 22657 ||| Stepping ~*~*~tactically~*~*~ (stealth).
 22658 | Lair:6   | 22658 ||| Stepping ~*~*~tactically~*~*~ (stealth).
 22664 | Lair:6   | 22664 ||| Stepping ~*~*~tactically~*~*~ (outnumbered).
 22665 | Lair:6   | 22665 ||| Stepping ~*~*~tactically~*~*~ (stealth).
 22669 | Lair:6   | 22669 ||| Stepping ~*~*~tactically~*~*~ (outnumbered).
 22670 | Lair:6   | 22670 ||| Stepping ~*~*~tactically~*~*~ (outnumbered).
 22671 | Lair:6   | 22671 ||| Stepping ~*~*~tactically~*~*~ (outnumbered).
 22769 | Lair:6   | 22769 ||| FLEEEEING.
 22770 | Lair:6   | 22770 ||| FLEEEEING.
 22771 | Lair:6   | 22771 ||| STILL FLEEEEING.
 22772 | Lair:6   | 22772 ||| FLEEEEING.
 22773 | Lair:6   | 22773 ||| FLEEEEING.
 22774 | Lair:6   | 22774 ||| STAIRDANCE
 22896 | Lair:6   | 22896 ||| UPGRADING to emerald ring.
 22897 | Lair:6   | 22897 ||| READING 8 scrolls of remove curse.
 22898 | Lair:6   | 22898 ||| REMOVING ring of attention.
 22899 | Lair:6   | 22899 ||| DROPPING ring of attention.
 22902 | Lair:6   | 22902 ||| Stepping ~*~*~tactically~*~*~ (stealth).
 22904 | Lair:6   | 22904 ||| Stepping ~*~*~tactically~*~*~ (stealth).
 22921 | Lair:6   | 22921 ||| INVOKING Berserk.
 23141 | Lair:6   | 23141 ||| Stepping ~*~*~tactically~*~*~ (stealth).
 23150 | Lair:6   | 23150 ||| Stepping ~*~*~tactically~*~*~ (outnumbered).
 23167 | Lair:6   | 23167 ||| Stepping ~*~*~tactically~*~*~ (stealth).
 23208 | Lair:6   | 23208 ||| Stepping ~*~*~tactically~*~*~ (stealth).
 23213 | Lair:6   | 23213 ||| INVOKING Berserk.
 23325 | Lair:6   | 23325 ||| Stepping ~*~*~tactically~*~*~ (stealth).
 23327 | Lair:6   | 23327 ||| Stepping ~*~*~tactically~*~*~ (stealth).
 23328 | Lair:6   | 23328 ||| Stepping ~*~*~tactically~*~*~ (stealth).
 23330 | Lair:6   | 23330 ||| Stepping ~*~*~tactically~*~*~ (stealth).
 23331 | Lair:6   | 23331 ||| Stepping ~*~*~tactically~*~*~ (stealth).
 23333 | Lair:6   | 23333 ||| Stepping ~*~*~tactically~*~*~ (stealth).
 23334 | Lair:6   | 23334 ||| Stepping ~*~*~tactically~*~*~ (stealth).
 23336 | Lair:6   | 23336 ||| Stepping ~*~*~tactically~*~*~ (stealth).
 23337 | Lair:6   | 23337 ||| Stepping ~*~*~tactically~*~*~ (stealth).
 23339 | Lair:6   | 23339 ||| FLEEEEING.
 23340 | Lair:6   | 23340 ||| FLEEEEING.
 23341 | Lair:6   | 23341 ||| FLEEEEING.
 23342 | Lair:6   | 23342 ||| FLEEEEING.
 23343 | Lair:6   | 23343 ||| FLEEEEING.
 23344 | Lair:6   | 23344 ||| FLEEEEING.
 23345 | Lair:6   | 23345 ||| FLEEEEING.
 23346 | Lair:6   | 23346 ||| FLEEEEING.
 23347 | Lair:6   | 23347 ||| FLEEEEING.
 23348 | Lair:6   | 23348 ||| STILL FLEEEEING.
 23349 | Lair:6   | 23349 ||| FLEEEEING.
 23350 | Lair:6   | 23350 ||| FLEEEEING.
 23351 | Lair:6   | 23351 ||| FLEEEEING.
 23352 | Lair:6   | 23352 ||| FLEEEEING.
 23369 | Lair:6   | 23369 ||| Stepping ~*~*~tactically~*~*~ (stealth).
 23370 | Lair:6   | 23370 ||| FLEEEEING.
 23371 | Lair:6   | 23371 ||| FLEEEEING.
 23372 | Lair:6   | 23372 ||| FLEEEEING.
 23373 | Lair:6   | 23373 ||| FLEEEEING.
 23374 | Lair:6   | 23374 ||| FLEEEEING.
 23375 | Lair:6   | 23375 ||| FLEEEEING.
 23376 | Lair:6   | 23376 ||| FLEEEEING.
 23382 | Lair:6   | 23382 ||| Stepping ~*~*~tactically~*~*~ (stealth).
 23383 | Lair:6   | 23383 ||| Stepping ~*~*~tactically~*~*~ (stealth).
 23385 | Lair:6   | 23385 ||| Stepping ~*~*~tactically~*~*~ (stealth).
 23386 | Lair:6   | 23386 ||| Stepping ~*~*~tactically~*~*~ (stealth).
 23388 | Lair:6   | 23388 ||| Stepping ~*~*~tactically~*~*~ (stealth).
 23391 | Lair:6   | 23391 ||| Stepping ~*~*~tactically~*~*~ (stealth).
 23460 | Lair:6   | 23460 ||| Stepping ~*~*~tactically~*~*~ (stealth).
 23462 | Lair:6   | 23462 ||| Stepping ~*~*~tactically~*~*~ (stealth).
 23464 | Lair:6   | 23464 ||| Stepping ~*~*~tactically~*~*~ (stealth).
 23495 | Lair:6   | 23495 ||| Stepping ~*~*~tactically~*~*~ (stealth).
 23497 | Lair:6   | 23497 ||| Stepping ~*~*~tactically~*~*~ (stealth).
 23499 | Lair:6   | 23499 ||| Stepping ~*~*~tactically~*~*~ (stealth).
 23501 | Lair:6   | 23501 ||| Stepping ~*~*~tactically~*~*~ (stealth).
 23503 | Lair:6   | 23503 ||| Stepping ~*~*~tactically~*~*~ (stealth).
 23505 | Lair:6   | 23505 ||| Stepping ~*~*~tactically~*~*~ (stealth).
 23507 | Lair:6   | 23507 ||| Stepping ~*~*~tactically~*~*~ (stealth).
 23510 | Lair:6   | 23510 ||| INVOKING Berserk.
 23567 | Lair:6   | 23567 ||| Stepping ~*~*~tactically~*~*~ (stealth).
 23580 | Lair:6   | 23580 ||| Stepping ~*~*~tactically~*~*~ (stealth).
 23582 | Lair:6   | 23582 ||| Stepping ~*~*~tactically~*~*~ (stealth).
 23584 | Lair:6   | 23584 ||| Stepping ~*~*~tactically~*~*~ (stealth).
 23586 | Lair:6   | 23586 ||| INVOKING Brothers in Arms.
 23589 | Lair:6   | 23589 ||| INVOKING Berserk.
 23667 | Lair:6   | 23667 ||| Stepping ~*~*~tactically~*~*~ (cloud).
 23674 | Lair:6   | 23674 ||| INVOKING Berserk.
 23747 | Lair:6   | 23747 ||| Stepping ~*~*~tactically~*~*~ (stealth).
 23751 | Lair:6   | 23751 ||| Stepping ~*~*~tactically~*~*~ (stealth).
 23756 | Lair:6   | 23756 ||| FLEEEEING.
 23757 | Lair:6   | 23757 ||| FLEEEEING.
 23758 | Lair:6   | 23758 ||| FLEEEEING.
 23759 | Lair:6   | 23759 ||| FLEEEEING.
 23760 | Lair:6   | 23760 ||| FLEEEEING.
 23761 | Lair:6   | 23761 ||| FLEEEEING.
 23762 | Lair:6   | 23762 ||| FLEEEEING.
 23763 | Lair:6   | 23763 ||| FLEEEEING.
 23764 | Lair:6   | 23764 ||| FLEEEEING.
 23765 | Lair:6   | 23765 ||| FLEEEEING.
 23766 | Lair:6   | 23766 ||| FLEEEEING.
 23767 | Lair:6   | 23767 ||| FLEEEEING.
 23768 | Lair:6   | 23768 ||| FLEEEEING.
 23769 | Lair:6   | 23769 ||| FLEEEEING.
 23770 | Lair:6   | 23770 ||| STILL FLEEEEING.
 23771 | Lair:6   | 23771 ||| STILL FLEEEEING.
 23772 | Lair:6   | 23772 ||| STILL FLEEEEING.
 23773 | Lair:6   | 23773 ||| STILL FLEEEEING.
 23774 | Lair:6   | 23774 ||| STILL FLEEEEING.
 23775 | Lair:6   | 23775 ||| STILL FLEEEEING.
 23776 | Lair:6   | 23776 ||| STILL FLEEEEING.
 23777 | Lair:6   | 23777 ||| STILL FLEEEEING.
 23778 | Lair:6   | 23778 ||| STILL FLEEEEING.
 23779 | Lair:6   | 23779 ||| FLEEEEING.
 23780 | Lair:6   | 23780 ||| FLEEEEING.
 23781 | Lair:6   | 23781 ||| FLEEEEING.
 23782 | Lair:6   | 23782 ||| FLEEEEING.
 23783 | Lair:6   | 23783 ||| FLEEEEING.
 23784 | Lair:6   | 23784 ||| FLEEEEING.
 23785 | Lair:6   | 23785 ||| FLEEEEING.
 23786 | Lair:6   | 23786 ||| FLEEEEING.
 23787 | Lair:6   | 23787 ||| STILL FLEEEEING.
 23788 | Lair:6   | 23788 ||| STILL FLEEEEING.
 23789 | Lair:6   | 23789 ||| STILL FLEEEEING.
 23790 | Lair:6   | 23790 ||| STILL FLEEEEING.
 23791 | Lair:6   | 23791 ||| STAIRDANCE
 23835 | Lair:5   | 23835 ||| READING 12 scrolls of identify.
 23835 | Lair:5   | 23835 ||| IDENTIFYING coppery potion
 23836 | Lair:5   | 23836 ||| DROPPING potion of lignification.
 23843 | Lair:6   | 23843 ||| Stepping ~*~*~tactically~*~*~ (stealth).
 23844 | Lair:6   | 23844 ||| Stepping ~*~*~tactically~*~*~ (stealth).
 23959 | Lair:6   | 23959 ||| Stepping ~*~*~tactically~*~*~ (stealth).
 24012 | Lair:6   | 24012 ||| Stepping ~*~*~tactically~*~*~ (hiding).
 24014 | Lair:6   | 24014 ||| Waiting for ranged monster.
 24127 | Lair:6   | 24127 ||| Stepping ~*~*~tactically~*~*~ (stealth).
 24130 | Lair:6   | 24130 ||| Stepping ~*~*~tactically~*~*~ (stealth).
 24131 | Lair:6   | 24131 ||| Stepping ~*~*~tactically~*~*~ (stealth).
 24132 | Lair:6   | 24132 ||| Stepping ~*~*~tactically~*~*~ (stealth).
 24134 | Lair:6   | 24134 ||| Stepping ~*~*~tactically~*~*~ (stealth).
 24135 | Lair:6   | 24135 ||| Stepping ~*~*~tactically~*~*~ (stealth).
 24136 | Lair:6   | 24136 ||| Stepping ~*~*~tactically~*~*~ (stealth).
 24140 | Lair:6   | 24140 ||| Stepping ~*~*~tactically~*~*~ (stealth).
 24141 | Lair:6   | 24141 ||| Stepping ~*~*~tactically~*~*~ (stealth).
 24142 | Lair:6   | 24142 ||| Stepping ~*~*~tactically~*~*~ (stealth).
 24157 | Lair:6   | 24157 ||| Stepping ~*~*~tactically~*~*~ (outnumbered).
 24158 | Lair:6   | 24158 ||| Stepping ~*~*~tactically~*~*~ (outnumbered).
 24160 | Lair:6   | 24160 ||| Stepping ~*~*~tactically~*~*~ (outnumbered).
 24380 | Lair:6   | 24380 ||| Stepping ~*~*~tactically~*~*~ (stealth).
 24382 | Lair:6   | 24382 ||| Stepping ~*~*~tactically~*~*~ (stealth).
 24384 | Lair:6   | 24384 ||| Stepping ~*~*~tactically~*~*~ (stealth).
 24388 | Lair:6   | 24388 ||| Stepping ~*~*~tactically~*~*~ (stealth).
 24391 | Lair:6   | 24391 ||| Stepping ~*~*~tactically~*~*~ (stealth).
 24393 | Lair:6   | 24393 ||| Stepping ~*~*~tactically~*~*~ (stealth).
 24394 | Lair:6   | 24394 ||| Stepping ~*~*~tactically~*~*~ (stealth).
 24395 | Lair:6   | 24395 ||| Stepping ~*~*~tactically~*~*~ (stealth).
 24396 | Lair:6   | 24396 ||| Stepping ~*~*~tactically~*~*~ (stealth).
 24398 | Lair:6   | 24398 ||| INVOKING Brothers in Arms.
 24403 | Lair:6   | 24403 ||| INVOKING Berserk.
 24540 | Lair:6   | 24540 ||| Stepping ~*~*~tactically~*~*~ (stealth).
 24542 | Lair:6   | 24542 ||| Stepping ~*~*~tactically~*~*~ (hiding).
 24543 | Lair:6   | 24543 ||| Stepping ~*~*~tactically~*~*~ (hiding).
 24544 | Lair:6   | 24544 ||| Stepping ~*~*~tactically~*~*~ (hiding).
 24545 | Lair:6   | 24545 ||| Stepping ~*~*~tactically~*~*~ (hiding).
 24546 | Lair:6   | 24546 ||| Stepping ~*~*~tactically~*~*~ (hiding).
 24547 | Lair:6   | 24547 ||| Waiting for ranged monster.
 24548 | Lair:6   | 24548 ||| Waiting for ranged monster.
 24549 | Lair:6   | 24549 ||| Waiting for ranged monster.
 24552 | Lair:6   | 24552 ||| INVOKING Berserk.
 24781 | D:11     | 24781 ||| Stepping ~*~*~tactically~*~*~ (hiding).
 24782 | D:11     | 24782 ||| Waiting for ranged monster.
 24783 | D:11     | 24783 ||| Waiting for ranged monster.
 24784 | D:11     | 24784 ||| Waiting for ranged monster.
 24785 | D:11     | 24785 ||| Waiting for ranged monster.
 24787 | D:11     | 24787 ||| Stepping ~*~*~tactically~*~*~ (outnumbered).
 24795 | D:11     | 24795 ||| Stepping ~*~*~tactically~*~*~ (outnumbered).
 24882 | D:11     | 24882 ||| FLEEEEING.
 24883 | D:11     | 24883 ||| STAIRDANCE
 24989 | D:11     | 24989 ||| Stepping ~*~*~tactically~*~*~ (stealth).
 24992 | D:11     | 24992 ||| Stepping ~*~*~tactically~*~*~ (stealth).
 24994 | D:11     | 24994 ||| Stepping ~*~*~tactically~*~*~ (stealth).
 24996 | D:11     | 24996 ||| Stepping ~*~*~tactically~*~*~ (stealth).
 24998 | D:11     | 24998 ||| INVOKING Brothers in Arms.
 24999 | D:11     | 24999 ||| INVOKING Berserk.
 25081 | D:11     | 25081 ||| Stepping ~*~*~tactically~*~*~ (stealth).
 25083 | D:11     | 25083 ||| Stepping ~*~*~tactically~*~*~ (stealth).
 25085 | D:11     | 25085 ||| Stepping ~*~*~tactically~*~*~ (stealth).
 25094 | D:11     | 25094 ||| Stepping ~*~*~tactically~*~*~ (stealth).
 25096 | D:11     | 25096 ||| Stepping ~*~*~tactically~*~*~ (stealth).
 25098 | D:11     | 25098 ||| Stepping ~*~*~tactically~*~*~ (stealth).
 25100 | D:11     | 25100 ||| Stepping ~*~*~tactically~*~*~ (stealth).
 25102 | D:11     | 25102 ||| Stepping ~*~*~tactically~*~*~ (stealth).
 25104 | D:11     | 25104 ||| Stepping ~*~*~tactically~*~*~ (stealth).
 25148 | D:11     | 25148 ||| Stepping ~*~*~tactically~*~*~ (stealth).
 25150 | D:11     | 25150 ||| Stepping ~*~*~tactically~*~*~ (stealth).
 25152 | D:11     | 25152 ||| Stepping ~*~*~tactically~*~*~ (stealth).
 25154 | D:11     | 25154 ||| Stepping ~*~*~tactically~*~*~ (stealth).
 25155 | D:11     | 25155 ||| Stepping ~*~*~tactically~*~*~ (stealth).
 25156 | D:11     | 25156 ||| Stepping ~*~*~tactically~*~*~ (stealth).
 25166 | D:11     | 25166 ||| Stepping ~*~*~tactically~*~*~ (outnumbered).
 25174 | D:11     | 25174 ||| Stepping ~*~*~tactically~*~*~ (hiding).
 25175 | D:11     | 25175 ||| Stepping ~*~*~tactically~*~*~ (hiding).
 25185 | D:11     | Reached skill level 18 in Unarmed Combat
 25253 | D:11     | 25253 ||| Stepping ~*~*~tactically~*~*~ (stealth).
 25255 | D:11     | 25255 ||| Stepping ~*~*~tactically~*~*~ (stealth).
 25257 | D:11     | 25257 ||| Stepping ~*~*~tactically~*~*~ (stealth).
 25259 | D:11     | 25259 ||| Stepping ~*~*~tactically~*~*~ (stealth).
 25261 | D:11     | 25261 ||| Stepping ~*~*~tactically~*~*~ (stealth).
 25263 | D:11     | 25263 ||| Stepping ~*~*~tactically~*~*~ (stealth).
 25265 | D:11     | 25265 ||| Stepping ~*~*~tactically~*~*~ (stealth).
 25267 | D:11     | 25267 ||| Stepping ~*~*~tactically~*~*~ (stealth).
 25269 | D:11     | 25269 ||| Stepping ~*~*~tactically~*~*~ (stealth).
 25272 | D:11     | 25272 ||| INVOKING Brothers in Arms.
 25273 | D:11     | 25273 ||| INVOKING Brothers in Arms.
 25274 | D:11     | 25274 ||| INVOKING Berserk.
 25362 | D:11     | Found a staircase to the Orcish Mines.
 25385 | D:11     | 25385 ||| Stepping ~*~*~tactically~*~*~ (hiding).
 25386 | D:11     | 25386 ||| Waiting for ranged monster.
 25387 | D:11     | 25387 ||| Waiting for ranged monster.
 25388 | D:11     | 25388 ||| Waiting for ranged monster.
 25394 | D:11     | Reached XP level 14. HP: 67/67 MP: 15/15
 25421 | D:11     | 25421 ||| FLEEEEING.
 25422 | D:11     | 25422 ||| FLEEEEING.
 25423 | D:11     | 25423 ||| FLEEEEING.
 25424 | D:11     | 25424 ||| FLEEEEING.
 25425 | D:11     | 25425 ||| FLEEEEING.
 25426 | D:11     | 25426 ||| FLEEEEING.
 25427 | D:11     | 25427 ||| FLEEEEING.
 25428 | D:11     | 25428 ||| FLEEEEING.
 25429 | D:11     | 25429 ||| FLEEEEING.
 25430 | D:11     | 25430 ||| FLEEEEING.
 25540 | D:11     | 25540 ||| Stepping ~*~*~tactically~*~*~ (stealth).
 25545 | D:11     | 25545 ||| Stepping ~*~*~tactically~*~*~ (stealth).
 25698 | D:11     | 25698 ||| Stepping ~*~*~tactically~*~*~ (stealth).
 25907 | Orc:1    | Entered Level 1 of the Orcish Mines
 25908 | Orc:1    | 25908 ||| Entered O.
 25914 | Orc:1    | 25914 ||| Stepping ~*~*~tactically~*~*~ (outnumbered).
 25916 | Orc:1    | 25916 ||| Stepping ~*~*~tactically~*~*~ (outnumbered).
 25921 | Orc:1    | 25921 ||| Stepping ~*~*~tactically~*~*~ (outnumbered).
 25923 | Orc:1    | 25923 ||| Stepping ~*~*~tactically~*~*~ (outnumbered).
 25924 | Orc:1    | 25924 ||| Stepping ~*~*~tactically~*~*~ (outnumbered).
 25925 | Orc:1    | 25925 ||| Stepping ~*~*~tactically~*~*~ (outnumbered).
 25927 | Orc:1    | 25927 ||| Stepping ~*~*~tactically~*~*~ (outnumbered).
 25928 | Orc:1    | 25928 ||| Stepping ~*~*~tactically~*~*~ (outnumbered).
 25929 | Orc:1    | 25929 ||| Stepping ~*~*~tactically~*~*~ (outnumbered).
 25930 | Orc:1    | 25930 ||| Stepping ~*~*~tactically~*~*~ (outnumbered).
 25931 | Orc:1    | 25931 ||| Stepping ~*~*~tactically~*~*~ (outnumbered).
 25932 | Orc:1    | 25932 ||| Stepping ~*~*~tactically~*~*~ (outnumbered).
 25937 | Orc:1    | 25937 ||| Stepping ~*~*~tactically~*~*~ (hiding).
 25938 | Orc:1    | 25938 ||| Stepping ~*~*~tactically~*~*~ (hiding).
 25944 | Orc:1    | 25944 ||| Stepping ~*~*~tactically~*~*~ (outnumbered).
 25962 | Orc:1    | 25962 ||| Stepping ~*~*~tactically~*~*~ (stealth).
 25967 | Orc:1    | 25967 ||| Stepping ~*~*~tactically~*~*~ (hiding).
 25970 | Orc:1    | 25970 ||| Stepping ~*~*~tactically~*~*~ (outnumbered).
 25971 | Orc:1    | 25971 ||| Stepping ~*~*~tactically~*~*~ (outnumbered).
 25973 | Orc:1    | 25973 ||| Stepping ~*~*~tactically~*~*~ (outnumbered).
 25974 | Orc:1    | 25974 ||| Stepping ~*~*~tactically~*~*~ (hiding).
 25975 | Orc:1    | 25975 ||| Stepping ~*~*~tactically~*~*~ (hiding).
 25977 | Orc:1    | 25977 ||| FLEEEEING.
 25980 | Orc:1    | 25980 ||| Stepping ~*~*~tactically~*~*~ (hiding).
 25982 | Orc:1    | 25982 ||| Stepping ~*~*~tactically~*~*~ (hiding).
 25989 | Orc:1    | 25989 ||| Waiting for ranged monster.
 25990 | Orc:1    | 25990 ||| Waiting for ranged monster.
 25991 | Orc:1    | 25991 ||| Waiting for ranged monster.
 26022 | Orc:1    | 26022 ||| FLEEEEING.
 26023 | Orc:1    | 26023 ||| STILL FLEEEEING.
 26024 | Orc:1    | 26024 ||| STILL FLEEEEING.
 26025 | Orc:1    | 26025 ||| STILL FLEEEEING.
 26026 | Orc:1    | 26026 ||| STILL FLEEEEING.
 26027 | Orc:1    | 26027 ||| STILL FLEEEEING.
 26028 | Orc:1    | 26028 ||| STAIRDANCE
 26126 | Orc:1    | 26126 ||| Stepping ~*~*~tactically~*~*~ (stealth).
 26127 | Orc:1    | 26127 ||| Stepping ~*~*~tactically~*~*~ (stealth).
 26129 | Orc:1    | 26129 ||| Stepping ~*~*~tactically~*~*~ (stealth).
 26130 | Orc:1    | 26130 ||| Stepping ~*~*~tactically~*~*~ (stealth).
 26133 | Orc:1    | 26133 ||| Stepping ~*~*~tactically~*~*~ (stealth).
 26141 | Orc:1    | 26141 ||| Stepping ~*~*~tactically~*~*~ (stealth).
 26272 | Orc:1    | 26272 ||| Stepping ~*~*~tactically~*~*~ (stealth).
 26274 | Orc:1    | 26274 ||| Stepping ~*~*~tactically~*~*~ (stealth).
 26286 | Orc:1    | 26286 ||| Stepping ~*~*~tactically~*~*~ (hiding).
 26288 | Orc:1    | 26288 ||| Stepping ~*~*~tactically~*~*~ (hiding).
 26291 | Orc:1    | 26291 ||| Stepping ~*~*~tactically~*~*~ (water).
 26374 | Orc:1    | 26374 ||| Stepping ~*~*~tactically~*~*~ (outnumbered).
 26375 | Orc:1    | 26375 ||| Stepping ~*~*~tactically~*~*~ (outnumbered).
 26381 | Orc:1    | 26381 ||| Stepping ~*~*~tactically~*~*~ (outnumbered).
 26387 | Orc:1    | 26387 ||| Stepping ~*~*~tactically~*~*~ (outnumbered).
 26444 | Orc:1    | Noticed Maurice
 26445 | Orc:1    | 26445 ||| Stepping ~*~*~tactically~*~*~ (stealth).
 26465 | Orc:1    | Killed Maurice
 26716 | Orc:2    | Entered Level 2 of the Orcish Mines
 26724 | Orc:2    | 26724 ||| INVOKING Berserk.
 26736 | Orc:2    | 26736 ||| FLEEEEING.
 26737 | Orc:2    | 26737 ||| FLEEEEING.
 26738 | Orc:2    | 26738 ||| FLEEEEING.
 26739 | Orc:2    | 26739 ||| FLEEEEING.
 26740 | Orc:2    | 26740 ||| FLEEEEING.
 26741 | Orc:2    | 26741 ||| STAIRDANCE
 26979 | Orc:2    | Found a staircase to the Elven Halls.
 26981 | Orc:2    | Noticed an orc warlord
 26982 | Orc:2    | 26982 ||| INVOKING Brothers in Arms.
 26984 | Orc:2    | 26984 ||| Stepping ~*~*~tactically~*~*~ (outnumbered).
 26984 | Orc:2    | Noticed an orc warlord
 26985 | Orc:2    | 26985 ||| Stepping ~*~*~tactically~*~*~ (outnumbered).
 26987 | Orc:2    | 26987 ||| Stepping ~*~*~tactically~*~*~ (outnumbered).
 26988 | Orc:2    | 26988 ||| INVOKING Brothers in Arms.
 26989 | Orc:2    | 26989 ||| INVOKING Berserk.
 26996 | Orc:2    | Killed an orc warlord
 27008 | Orc:2    | Killed an orc warlord
 27245 | Orc:2    | 27245 ||| Stepping ~*~*~tactically~*~*~ (stealth).
 27246 | Orc:2    | 27246 ||| Stepping ~*~*~tactically~*~*~ (stealth).
 27247 | Orc:2    | 27247 ||| Stepping ~*~*~tactically~*~*~ (hiding).
 27250 | Orc:2    | 27250 ||| Stepping ~*~*~tactically~*~*~ (outnumbered).
 27252 | Orc:2    | 27252 ||| Stepping ~*~*~tactically~*~*~ (outnumbered).
 27261 | Orc:2    | 27261 ||| Stepping ~*~*~tactically~*~*~ (outnumbered).
 27267 | Orc:2    | 27267 ||| Stepping ~*~*~tactically~*~*~ (stealth).
 27269 | Orc:2    | 27269 ||| Stepping ~*~*~tactically~*~*~ (hiding).
 27280 | Orc:2    | 27280 ||| Stepping ~*~*~tactically~*~*~ (stealth).
 27282 | Orc:2    | 27282 ||| Stepping ~*~*~tactically~*~*~ (stealth).
 27283 | Orc:2    | 27283 ||| Stepping ~*~*~tactically~*~*~ (stealth).
 27284 | Orc:2    | 27284 ||| Stepping ~*~*~tactically~*~*~ (stealth).
 27285 | Orc:2    | 27285 ||| Stepping ~*~*~tactically~*~*~ (stealth).
 27292 | Orc:2    | 27292 ||| INVOKING Berserk.
 27376 | Orc:2    | 27376 ||| Stepping ~*~*~tactically~*~*~ (stealth).
 27378 | Orc:2    | 27378 ||| Stepping ~*~*~tactically~*~*~ (stealth).
 27380 | Orc:2    | 27380 ||| Stepping ~*~*~tactically~*~*~ (stealth).
 27382 | Orc:2    | 27382 ||| Stepping ~*~*~tactically~*~*~ (stealth).
 27384 | Orc:2    | 27384 ||| Stepping ~*~*~tactically~*~*~ (stealth).
 27423 | Orc:2    | Found Asmann's Antique Weapon Boutique.
 27459 | Orc:2    | 27459 ||| Stepping ~*~*~tactically~*~*~ (outnumbered).
 27460 | Orc:2    | 27460 ||| Stepping ~*~*~tactically~*~*~ (outnumbered).
 27461 | Orc:2    | 27461 ||| Stepping ~*~*~tactically~*~*~ (outnumbered).
 27464 | Orc:2    | 27464 ||| Stepping ~*~*~tactically~*~*~ (outnumbered).
 27468 | Orc:2    | 27468 ||| Stepping ~*~*~tactically~*~*~ (outnumbered).
 27469 | Orc:2    | 27469 ||| INVOKING Berserk.
 27476 | Orc:2    | HP: 8/100 [orc warrior/+0 glaive (20)]
 27477 | Orc:2    | Annihilated by an orc warrior
 27478 | Orc:2    | Reached XP level 13. HP: -23/94 MP: 0/14
 27528 | Orc:2    | 27528 ||| Stepping ~*~*~tactically~*~*~ (hiding).
 27532 | Orc:2    | 27532 ||| INVOKING Berserk.
 27585 | Orc:2    | 27585 ||| Stepping ~*~*~tactically~*~*~ (stealth).
 27587 | Orc:2    | 27587 ||| Stepping ~*~*~tactically~*~*~ (hiding).
 27588 | Orc:2    | 27588 ||| Waiting for ranged monster.
 27589 | Orc:2    | 27589 ||| Waiting for ranged monster.
 27590 | Orc:2    | 27590 ||| Stepping ~*~*~tactically~*~*~ (hiding).
 27591 | Orc:2    | 27591 ||| Waiting for ranged monster.
 27592 | Orc:2    | 27592 ||| Waiting for ranged monster.
 27624 | Orc:2    | 27624 ||| Stepping ~*~*~tactically~*~*~ (stealth).
 27626 | Orc:2    | 27626 ||| Stepping ~*~*~tactically~*~*~ (stealth).
 27628 | Orc:2    | 27628 ||| Stepping ~*~*~tactically~*~*~ (stealth).
 27638 | Orc:2    | 27638 ||| Stepping ~*~*~tactically~*~*~ (outnumbered).
 27640 | Orc:2    | 27640 ||| Stepping ~*~*~tactically~*~*~ (outnumbered).
 27641 | Orc:2    | 27641 ||| Stepping ~*~*~tactically~*~*~ (outnumbered).
 27644 | Orc:2    | 27644 ||| INVOKING Berserk.
 27908 | Orc:2    | 27908 ||| Stepping ~*~*~tactically~*~*~ (stealth).
 27910 | Orc:2    | 27910 ||| Stepping ~*~*~tactically~*~*~ (stealth).
 27919 | Orc:2    | 27919 ||| Stepping ~*~*~tactically~*~*~ (stealth).
 27921 | Orc:2    | 27921 ||| Stepping ~*~*~tactically~*~*~ (stealth).
 27942 | Orc:2    | 27942 ||| Stepping ~*~*~tactically~*~*~ (stealth).
 27953 | Orc:2    | 27953 ||| Stepping ~*~*~tactically~*~*~ (stealth).
 27955 | Orc:2    | 27955 ||| Stepping ~*~*~tactically~*~*~ (stealth).
 27957 | Orc:2    | 27957 ||| Stepping ~*~*~tactically~*~*~ (stealth).
 27959 | Orc:2    | 27959 ||| Stepping ~*~*~tactically~*~*~ (hiding).
 27960 | Orc:2    | 27960 ||| Stepping ~*~*~tactically~*~*~ (hiding).
 27961 | Orc:2    | 27961 ||| Stepping ~*~*~tactically~*~*~ (hiding).
 27962 | Orc:2    | 27962 ||| Stepping ~*~*~tactically~*~*~ (hiding).
 27963 | Orc:2    | 27963 ||| Stepping ~*~*~tactically~*~*~ (hiding).
 27964 | Orc:2    | 27964 ||| Stepping ~*~*~tactically~*~*~ (hiding).
 27965 | Orc:2    | 27965 ||| Waiting for ranged monster.
 27966 | Orc:2    | 27966 ||| Stepping ~*~*~tactically~*~*~ (hiding).
 27967 | Orc:2    | 27967 ||| Stepping ~*~*~tactically~*~*~ (hiding).
 27968 | Orc:2    | 27968 ||| Stepping ~*~*~tactically~*~*~ (hiding).
 27969 | Orc:2    | 27969 ||| Stepping ~*~*~tactically~*~*~ (hiding).
 27970 | Orc:2    | 27970 ||| Stepping ~*~*~tactically~*~*~ (hiding).
 27971 | Orc:2    | 27971 ||| Waiting for ranged monster.
 27972 | Orc:2    | 27972 ||| Stepping ~*~*~tactically~*~*~ (hiding).
 27973 | Orc:2    | 27973 ||| Stepping ~*~*~tactically~*~*~ (hiding).
 27974 | Orc:2    | 27974 ||| Stepping ~*~*~tactically~*~*~ (hiding).
 27975 | Orc:2    | 27975 ||| Waiting for ranged monster.
 27976 | Orc:2    | 27976 ||| Waiting for ranged monster.
 27977 | Orc:2    | 27977 ||| Waiting for ranged monster.
 27983 | Orc:2    | 27983 ||| Waiting for ranged monster.
 28078 | Orc:2    | 28078 ||| Stepping ~*~*~tactically~*~*~ (stealth).
 28080 | Orc:2    | 28080 ||| Stepping ~*~*~tactically~*~*~ (stealth).
 28082 | Orc:2    | 28082 ||| Stepping ~*~*~tactically~*~*~ (stealth).
 28084 | Orc:2    | 28084 ||| Stepping ~*~*~tactically~*~*~ (stealth).
 28175 | Orc:2    | 28175 ||| FLEEEEING.
 28176 | Orc:2    | 28176 ||| STILL FLEEEEING.
 28177 | Orc:2    | 28177 ||| STILL FLEEEEING.
 28178 | Orc:2    | 28178 ||| STILL FLEEEEING.
 28179 | Orc:2    | 28179 ||| STILL FLEEEEING.
 28180 | Orc:2    | 28180 ||| STILL FLEEEEING.
 28181 | Orc:2    | 28181 ||| STILL FLEEEEING.
 28182 | Orc:2    | 28182 ||| STILL FLEEEEING.
 28183 | Orc:2    | 28183 ||| STILL FLEEEEING.
 28253 | Orc:2    | 28253 ||| Stepping ~*~*~tactically~*~*~ (stealth).
 28255 | Orc:2    | 28255 ||| Stepping ~*~*~tactically~*~*~ (stealth).
 28257 | Orc:2    | 28257 ||| Stepping ~*~*~tactically~*~*~ (hiding).
 28258 | Orc:2    | 28258 ||| Stepping ~*~*~tactically~*~*~ (hiding).
 28259 | Orc:2    | 28259 ||| Stepping ~*~*~tactically~*~*~ (hiding).
 28260 | Orc:2    | 28260 ||| Stepping ~*~*~tactically~*~*~ (hiding).
 28261 | Orc:2    | 28261 ||| Stepping ~*~*~tactically~*~*~ (hiding).
 28262 | Orc:2    | 28262 ||| Waiting for ranged monster.
 28263 | Orc:2    | 28263 ||| Stepping ~*~*~tactically~*~*~ (hiding).
 28264 | Orc:2    | 28264 ||| Waiting for ranged monster.
 28265 | Orc:2    | 28265 ||| Waiting for ranged monster.
 28266 | Orc:2    | 28266 ||| Waiting for ranged monster.
 28267 | Orc:2    | 28267 ||| Waiting for ranged monster.
 28284 | Orc:2    | Found Tahuthuf's Magic Scroll Shoppe.
 28285 | Orc:2    | Found Curas's General Store.
 28287 | Orc:2    | 28287 ||| INVOKING Berserk.
 28296 | Orc:2    | Reached skill level 18 in Dodging
 28321 | Orc:2    | HP: 23/94 [burnt (4)]
 28324 | Orc:2    | Killed from afar by a smoke demon
 28325 | Orc:2    | Reached XP level 12. HP: -1/90 MP: 0/13
 28397 | Orc:2    | Bought a scroll of acquirement for 624 gold pieces
 28397 | Orc:2    | 28397 ||| READING scroll of acquirement.
 28399 | Orc:2    | 28399 ||| UPGRADING to large wooden ring.
 28400 | Orc:2    | 28400 ||| REMOVING ring of magical power.
 28401 | Orc:2    | 28401 ||| DROPPING ring of magical power.
 28404 | Orc:2    | Bought a scroll of teleportation for 45 gold pieces
 28404 | Orc:2    | Bought a scroll of magic mapping for 52 gold pieces
 28404 | Orc:2    | Bought a scroll of teleportation for 45 gold pieces
 28404 | Orc:2    | 28404 ||| SHOPLISTING 3 scrolls of acquirement (2340 gold,
                  | have 1169).
 28410 | Orc:2    | 28410 ||| INVOKING Berserk.
 28423 | Orc:2    | Reached ****** piety under Trog
 28427 | Orc:2    | 28427 ||| Stepping ~*~*~tactically~*~*~ (outnumbered).
 28430 | Orc:2    | 28430 ||| READING 4 scrolls of teleportation.
 28546 | Orc:2    | 28546 ||| Stepping ~*~*~tactically~*~*~ (stealth).
 28561 | Orc:2    | 28561 ||| Stepping ~*~*~tactically~*~*~ (stealth).
 28563 | Orc:2    | 28563 ||| Stepping ~*~*~tactically~*~*~ (stealth).
 28564 | Orc:2    | 28564 ||| Stepping ~*~*~tactically~*~*~ (stealth).
 28568 | Orc:2    | 28568 ||| Stepping ~*~*~tactically~*~*~ (stealth).
 28582 | Orc:2    | 28582 ||| Stepping ~*~*~tactically~*~*~ (stealth).
 28583 | Orc:2    | Noticed an orc high priest
 28584 | Orc:2    | 28584 ||| Stepping ~*~*~tactically~*~*~ (stealth).
 28586 | Orc:2    | 28586 ||| Stepping ~*~*~tactically~*~*~ (hiding).
 28587 | Orc:2    | 28587 ||| Stepping ~*~*~tactically~*~*~ (hiding).
 28588 | Orc:2    | 28588 ||| Waiting for ranged monster.
 28589 | Orc:2    | 28589 ||| Waiting for ranged monster.
 28590 | Orc:2    | 28590 ||| Waiting for ranged monster.
 28591 | Orc:2    | 28591 ||| Waiting for ranged monster.
 28592 | Orc:2    | 28592 ||| Waiting for ranged monster.
 28593 | Orc:2    | 28593 ||| Waiting for ranged monster.
 28594 | Orc:2    | 28594 ||| Waiting for ranged monster.
 28595 | Orc:2    | 28595 ||| Waiting for ranged monster.
 28597 | Orc:2    | 28597 ||| INVOKING Berserk.
 28603 | Orc:2    | Killed an orc high priest
 28665 | Orc:2    | Noticed an orc high priest
 28665 | Orc:2    | Noticed an orc high priest
 28666 | Orc:2    | 28666 ||| INVOKING Brothers in Arms.
 28670 | Orc:2    | 28670 ||| INVOKING Berserk.
 28671 | Orc:2    | Killed an orc high priest
 28672 | Orc:2    | Noticed an orc high priest
 28674 | Orc:2    | Paralysed by an orc sorcerer for 4 turns
 28678 | Orc:2    | Killed an orc high priest
 28685 | Orc:2    | Killed an orc high priest
 28900 | Orc:2    | Noticed an orc high priest
 28901 | Orc:2    | 28901 ||| Stepping ~*~*~tactically~*~*~ (hiding).
 28902 | Orc:2    | 28902 ||| Waiting for ranged monster.
 28903 | Orc:2    | 28903 ||| Waiting for ranged monster.
 28904 | Orc:2    | 28904 ||| Waiting for ranged monster.
 28905 | Orc:2    | 28905 ||| Waiting for ranged monster.
 28906 | Orc:2    | 28906 ||| Waiting for ranged monster.
 28907 | Orc:2    | 28907 ||| Waiting for ranged monster.
 28908 | Orc:2    | 28908 ||| Waiting for ranged monster.
 28909 | Orc:2    | 28909 ||| Waiting for ranged monster.
 28910 | Orc:2    | 28910 ||| Waiting for ranged monster.
 28912 | Orc:2    | 28912 ||| INVOKING Berserk.
 28922 | Orc:2    | Killed an orc high priest
 28929 | Orc:2    | 28929 ||| Stepping ~*~*~tactically~*~*~ (hiding).
 28930 | Orc:2    | 28930 ||| Stepping ~*~*~tactically~*~*~ (hiding).
 28931 | Orc:2    | 28931 ||| Stepping ~*~*~tactically~*~*~ (hiding).
 28932 | Orc:2    | 28932 ||| Stepping ~*~*~tactically~*~*~ (hiding).
 28933 | Orc:2    | 28933 ||| Waiting for ranged monster.
 28934 | Orc:2    | 28934 ||| Waiting for ranged monster.
 28935 | Orc:2    | 28935 ||| Waiting for ranged monster.
 28936 | Orc:2    | 28936 ||| Waiting for ranged monster.
 28937 | Orc:2    | 28937 ||| Waiting for ranged monster.
 28940 | Orc:2    | 28940 ||| Waiting for ranged monster.
 28941 | Orc:2    | 28941 ||| Waiting for ranged monster.
 28969 | Orc:2    | 28969 ||| Stepping ~*~*~tactically~*~*~ (stealth).
 28971 | Orc:2    | 28971 ||| Stepping ~*~*~tactically~*~*~ (hiding).
 28972 | Orc:2    | 28972 ||| Waiting for ranged monster.
 28973 | Orc:2    | 28973 ||| Waiting for ranged monster.
 28974 | Orc:2    | 28974 ||| Waiting for ranged monster.
 28975 | Orc:2    | 28975 ||| Waiting for ranged monster.
 28976 | Orc:2    | 28976 ||| Waiting for ranged monster.
 29210 | Orc:2    | Noticed an orc high priest
 29211 | Orc:2    | 29211 ||| INVOKING Berserk.
 29215 | Orc:2    | Killed an orc high priest
 29215 | Orc:2    | Reached XP level 13. HP: 63/63 MP: 12/14
 29221 | Orc:2    | 29221 ||| Stepping ~*~*~tactically~*~*~ (hiding).
 29222 | Orc:2    | 29222 ||| Waiting for ranged monster.
 29223 | Orc:2    | 29223 ||| Waiting for ranged monster.
 29224 | Orc:2    | 29224 ||| Waiting for ranged monster.
 29227 | Orc:2    | 29227 ||| Waiting for ranged monster.
 29228 | Orc:2    | 29228 ||| Waiting for ranged monster.
 29229 | Orc:2    | 29229 ||| Waiting for ranged monster.
 29230 | Orc:2    | 29230 ||| Waiting for ranged monster.
 29238 | Orc:2    | 29238 ||| Stepping ~*~*~tactically~*~*~ (stealth).
 29272 | Orc:2    | 29272 ||| Stepping ~*~*~tactically~*~*~ (stealth).
 29274 | Orc:2    | 29274 ||| INVOKING Berserk.
 29283 | Orc:2    | 29283 ||| READING 3 scrolls of teleportation.
 29363 | Orc:2    | 29363 ||| Stepping ~*~*~tactically~*~*~ (hiding).
 29364 | Orc:2    | 29364 ||| Waiting for ranged monster.
 29365 | Orc:2    | 29365 ||| Waiting for ranged monster.
 29366 | Orc:2    | 29366 ||| Waiting for ranged monster.
 29367 | Orc:2    | 29367 ||| INVOKING Berserk.
 29413 | Orc:2    | Found Ukarot's Antique Armour Boutique.
 29413 | Orc:2    | Found Bewk's Book Shop.
 29413 | Orc:2    | Found a one-way gate leading to the halls of Pandemonium.
 29530 | D:12     | 29530 ||| Stepping ~*~*~tactically~*~*~ (hiding).
 29531 | D:12     | 29531 ||| Stepping ~*~*~tactically~*~*~ (stealth).
 29532 | D:12     | 29532 ||| Stepping ~*~*~tactically~*~*~ (outnumbered).
 29535 | D:12     | 29535 ||| Stepping ~*~*~tactically~*~*~ (stealth).
 29542 | D:12     | 29542 ||| Stepping ~*~*~tactically~*~*~ (stealth).
 29544 | D:12     | 29544 ||| Stepping ~*~*~tactically~*~*~ (stealth).
 29547 | D:12     | 29547 ||| Stepping ~*~*~tactically~*~*~ (stealth).
 29568 | D:12     | 29568 ||| Stepping ~*~*~tactically~*~*~ (stealth).
 29587 | D:12     | 29587 ||| Stepping ~*~*~tactically~*~*~ (stealth).
 29589 | D:12     | 29589 ||| Stepping ~*~*~tactically~*~*~ (stealth).
 29591 | D:12     | 29591 ||| Stepping ~*~*~tactically~*~*~ (stealth).
 29593 | D:12     | 29593 ||| Stepping ~*~*~tactically~*~*~ (stealth).
 29595 | D:12     | 29595 ||| Stepping ~*~*~tactically~*~*~ (hiding).
 29596 | D:12     | 29596 ||| Waiting for ranged monster.
 29597 | D:12     | 29597 ||| Waiting for ranged monster.
 29598 | D:12     | 29598 ||| Waiting for ranged monster.
 29599 | D:12     | 29599 ||| Waiting for ranged monster.
 29623 | D:12     | 29623 ||| Stepping ~*~*~tactically~*~*~ (stealth).
 29632 | D:12     | 29632 ||| Stepping ~*~*~tactically~*~*~ (stealth).
 29633 | D:12     | 29633 ||| Stepping ~*~*~tactically~*~*~ (stealth).
 29639 | D:12     | 29639 ||| Stepping ~*~*~tactically~*~*~ (stealth).
 29640 | D:12     | 29640 ||| Stepping ~*~*~tactically~*~*~ (stealth).
 29653 | D:12     | 29653 ||| Stepping ~*~*~tactically~*~*~ (stealth).
 29657 | D:12     | 29657 ||| Stepping ~*~*~tactically~*~*~ (stealth).
 29678 | D:12     | 29678 ||| Stepping ~*~*~tactically~*~*~ (stealth).
 29710 | D:12     | 29710 ||| Stepping ~*~*~tactically~*~*~ (stealth).
 29712 | D:12     | 29712 ||| Stepping ~*~*~tactically~*~*~ (stealth).
 29745 | D:12     | 29745 ||| Stepping ~*~*~tactically~*~*~ (stealth).
 29805 | D:12     | 29805 ||| Stepping ~*~*~tactically~*~*~ (stealth).
 29874 | D:12     | 29874 ||| UPGRADING to dented silver amulet.
 29876 | D:12     | 29876 ||| REMOVING amulet of the gourmand.
 29877 | D:12     | 29877 ||| UPGRADING to amulet of guardian spirit.
 29878 | D:12     | 29878 ||| DROPPING amulet of the gourmand.
 29893 | D:12     | 29893 ||| Stepping ~*~*~tactically~*~*~ (stealth).
 29920 | D:12     | 29920 ||| Stepping ~*~*~tactically~*~*~ (stealth).
 29922 | D:12     | 29922 ||| Stepping ~*~*~tactically~*~*~ (stealth).
 29924 | D:12     | 29924 ||| Stepping ~*~*~tactically~*~*~ (stealth).
 29926 | D:12     | 29926 ||| Stepping ~*~*~tactically~*~*~ (stealth).
 29928 | D:12     | 29928 ||| Stepping ~*~*~tactically~*~*~ (stealth).
 29931 | D:12     | 29931 ||| Stepping ~*~*~tactically~*~*~ (outnumbered).
 29932 | D:12     | 29932 ||| Stepping ~*~*~tactically~*~*~ (outnumbered).
 29933 | D:12     | 29933 ||| Stepping ~*~*~tactically~*~*~ (outnumbered).
 29949 | D:12     | 29949 ||| Stepping ~*~*~tactically~*~*~ (hiding).
 29950 | D:12     | 29950 ||| Stepping ~*~*~tactically~*~*~ (hiding).
 29951 | D:12     | 29951 ||| Waiting for ranged monster.
 29952 | D:12     | 29952 ||| Stepping ~*~*~tactically~*~*~ (hiding).
 29953 | D:12     | 29953 ||| Waiting for ranged monster.
 29954 | D:12     | 29954 ||| Waiting for ranged monster.
 30064 | D:12     | 30064 ||| Stepping ~*~*~tactically~*~*~ (stealth).
 30067 | D:12     | 30067 ||| Stepping ~*~*~tactically~*~*~ (stealth).
 30069 | D:12     | 30069 ||| Stepping ~*~*~tactically~*~*~ (stealth).
 30070 | D:12     | 30070 ||| Stepping ~*~*~tactically~*~*~ (stealth).
 30072 | D:12     | 30072 ||| Stepping ~*~*~tactically~*~*~ (stealth).
 30079 | D:12     | Reached skill level 19 in Unarmed Combat
 30282 | D:12     | 30282 ||| DROPPING wand of paralysis (8).
 30351 | D:13     | 30351 ||| Stepping ~*~*~tactically~*~*~ (stealth).
 30370 | D:13     | 30370 ||| Stepping ~*~*~tactically~*~*~ (hiding).
 30371 | D:13     | 30371 ||| Waiting for ranged monster.
 30372 | D:13     | 30372 ||| Waiting for ranged monster.
 30373 | D:13     | 30373 ||| Waiting for ranged monster.
 30379 | D:13     | 30379 ||| Waiting for ranged monster.
 30382 | D:13     | 30382 ||| Stepping ~*~*~tactically~*~*~ (stealth).
 30384 | D:13     | 30384 ||| Stepping ~*~*~tactically~*~*~ (stealth).
 30413 | D:13     | 30413 ||| Stepping ~*~*~tactically~*~*~ (hiding).
 30414 | D:13     | 30414 ||| Waiting for ranged monster.
 30580 | D:13     | 30580 ||| Stepping ~*~*~tactically~*~*~ (stealth).
 30583 | D:13     | 30583 ||| Stepping ~*~*~tactically~*~*~ (stealth).
 30587 | D:13     | 30587 ||| Stepping ~*~*~tactically~*~*~ (stealth).
 30598 | D:13     | 30598 ||| Stepping ~*~*~tactically~*~*~ (hiding).
 30599 | D:13     | 30599 ||| Stepping ~*~*~tactically~*~*~ (hiding).
 30600 | D:13     | 30600 ||| Stepping ~*~*~tactically~*~*~ (hiding).
 30601 | D:13     | 30601 ||| Stepping ~*~*~tactically~*~*~ (hiding).
 30602 | D:13     | 30602 ||| Stepping ~*~*~tactically~*~*~ (hiding).
 30603 | D:13     | 30603 ||| Stepping ~*~*~tactically~*~*~ (hiding).
 30604 | D:13     | 30604 ||| Stepping ~*~*~tactically~*~*~ (hiding).
 30605 | D:13     | 30605 ||| Stepping ~*~*~tactically~*~*~ (hiding).
 30608 | D:13     | 30608 ||| Stepping ~*~*~tactically~*~*~ (hiding).
 30609 | D:13     | 30609 ||| Stepping ~*~*~tactically~*~*~ (hiding).
 30610 | D:13     | 30610 ||| Stepping ~*~*~tactically~*~*~ (hiding).
 30611 | D:13     | 30611 ||| Stepping ~*~*~tactically~*~*~ (hiding).
 30612 | D:13     | 30612 ||| Stepping ~*~*~tactically~*~*~ (hiding).
 30613 | D:13     | 30613 ||| Stepping ~*~*~tactically~*~*~ (hiding).
 30614 | D:13     | 30614 ||| Stepping ~*~*~tactically~*~*~ (hiding).
 30615 | D:13     | 30615 ||| Stepping ~*~*~tactically~*~*~ (hiding).
 30624 | D:13     | 30624 ||| Stepping ~*~*~tactically~*~*~ (outnumbered).
 30626 | D:13     | 30626 ||| Stepping ~*~*~tactically~*~*~ (outnumbered).
 30627 | D:13     | 30627 ||| Stepping ~*~*~tactically~*~*~ (outnumbered).
 30628 | D:13     | 30628 ||| Stepping ~*~*~tactically~*~*~ (outnumbered).
 30629 | D:13     | 30629 ||| Stepping ~*~*~tactically~*~*~ (hiding).
 30630 | D:13     | 30630 ||| Stepping ~*~*~tactically~*~*~ (hiding).
 30632 | D:13     | 30632 ||| Stepping ~*~*~tactically~*~*~ (outnumbered).
 30635 | D:13     | HP: 13/63 [centaur/arrow (5)]
 30636 | D:13     | 30636 ||| INVOKING Berserk.
 30640 | D:13     | HP: 9/94 [centaur/arrow (8)]
 30644 | D:13     | Slain by a centaur

Levels and vault maps discovered:
D:1:      psy_arrival_radial02, layout_basic, tso_metal_star
D:2:      layout_loops_ring, lightli_temple_of_fire, lemuel_doored_altar,
          first_ration, serial_bayou_ford_a
D:3:      layout_basic, makhleb_altar_promises_db, minmay_unequal
D:4:      layout_loops_ring, bh_walls_and_bars
D:5:      layout_loops_ring, xom_redecorated, basic_altar, uniq_eustachio,
          uniq_blork_the_orc
D:6:      layout_loops_cross, nicolae_overflow_hidden_temple, uniq_grinder,
          uniq_crazy_yiuf_cottage
D:7:      layout_basic, eat_drink_and_be_merry_uskayaw,
          minmay_temple_entry_enclosed_plants, grunt_livestock, uniq_pikel
D:8:      layout_loops_ring, overflow_temple_1_default, serial_shops,
          kennysheep_little_box
D:9:      layout_irregular_city, lemuel_round_altar, corner_web_ring
D:10:     layout_gridville, lair_entry_dummy, enter_bailey_2
D:11:     layout_loops_ring, orc_0_dummy, st_stairs_12
D:12:     layout_rooms
D:13:     layout_irregular_city
Lair:1:   layout_roguey, grunt_forest_stairs_basic, beast_lair_carwin_1,
          uniq_grum
Lair:2:   layout_gridlike, elwin_shoals_entry_rooms,
          chequers_serial_rivers_small_a, uniq_harold, uniq_erica, uniq_sonja
Lair:3:   layout_chaotic_city, minmay_snake_entry_guardpost_medium
Lair:4:   layout_loops_ring
Lair:5:   minmay_lair_oklob_tunnel, layout_loops_ring,
          minmay_slime_entry_oklob_open, uniq_nessos, uniq_rupert
Lair:6:   evilmike_catoblepas_cave, layout_gridlike, st_stairs_8
Orc:1:    layout_diamond_mine, nooodl_orcs_dogs, uniq_maurice
Orc:2:    pf_orc_diabolical, layout_caves, serial_shops, shop

Skill      XL: |  1  2  3  4  5  6  7  8  9 10 11 12 13 14 |
---------------+-------------------------------------------+-----
Unarmed Combat | 4 5 6 7 9 10 11 13 15 16 19 | 19.0
Dodging        | 6 7 9 11 13 14 15 18 17 | 18.0
Fighting       | 5 7 8 10 11 | 11.4

Action                   |  1- 3 |  4- 6 |  7- 9 | 10-12 | 13-15 || total
-------------------------+-------+-------+-------+-------+-------++-------
Melee: Unarmed           |    95 |   158 |   296 |   775 |   818 ||  2142
       Bite              |    14 |    15 |    35 |   107 |   124 ||   295
       Punch             |     1 |     5 |    17 |    56 |    77 ||   156
Invok: Berserk           |     3 |     5 |    14 |    39 |    20 ||    81
       Brothers in Arms  |       |       |       |    11 |     7 ||    18
  Use: Scroll            |     4 |     5 |     8 |    13 |     3 ||    33
       Potion            |     2 |     1 |     2 |     5 |     1 ||    11
 Stab: Sleeping          |     1 |       |     1 |       |     1 ||     3
       Distracted        |       |       |     1 |     2 |       ||     3
       Petrified         |       |       |       |       |     1 ||     1
  Eat: Chunk             |    11 |    17 |    18 |    71 |    49 ||   166
Armor: Skin              |     1 |     1 |     6 |     8 |    14 ||    30
Dodge: Dodged            |    55 |    96 |   224 |   598 |   684 ||  1657

Table legend:
 A = Non-vault XP
 B = Vault XP
 C = Vault XP percentage of total XP
 D = Non-vault monster count
 E = Vault monster count
 F = Vault count percentage of total count
                 A         B        C        D         E       F
            +---------+---------+-------+---------+---------+-------
      Total |   69043 |   38808 |  36.0 |     486 |     137 |  22.0
            +---------+---------+-------+---------+---------+-------
        D:1 |      49 |       0 |   0.0 |      24 |       0 |   0.0
        D:2 |      61 |       0 |   0.0 |      17 |       0 |   0.0
        D:3 |      84 |      21 |  20.0 |      16 |       5 |  23.8
        D:4 |     215 |       0 |   0.0 |      15 |       0 |   0.0
        D:5 |     304 |      96 |  24.0 |      15 |       1 |   6.2
        D:6 |     548 |     272 |  33.2 |      15 |       1 |   6.2
        D:7 |    1000 |     990 |  49.7 |      17 |       5 |  22.7
        D:8 |    1786 |       0 |   0.0 |      19 |       0 |   0.0
        D:9 |    3614 |       0 |   0.0 |      35 |       0 |   0.0
       D:10 |    2801 |       0 |   0.0 |      23 |       0 |   0.0
       D:11 |    5940 |       2 |   0.0 |      35 |       1 |   2.8
       D:12 |    5073 |       0 |   0.0 |      29 |       0 |   0.0
       D:13 |    2965 |       0 |   0.0 |      17 |       0 |   0.0
     Lair:1 |    6244 |    1157 |  15.6 |      27 |       9 |  25.0
     Lair:2 |    3079 |    2815 |  47.8 |      15 |       4 |  21.1
     Lair:3 |    5109 |     815 |  13.8 |      22 |       5 |  18.5
     Lair:4 |    5201 |       0 |   0.0 |      21 |       0 |   0.0
     Lair:5 |    8985 |    6345 |  41.4 |      24 |       8 |  25.0
     Lair:6 |    9003 |    8715 |  49.2 |      30 |      24 |  44.4
      Orc:1 |    1657 |    1442 |  46.5 |      29 |      13 |  31.0
      Orc:2 |    5325 |   16138 |  75.2 |      41 |      61 |  59.8
            +---------+---------+-------+---------+---------+-------
